 Dungeon Crawl Stone Soup version 0.29-a0-369-gd956c00756 (webtiles) character file.

Game seed: 10897566070185666419

639197 spaghetti the Slayer (level 27, -1/282 HPs)
             Began as a Naga Gladiator on May 1, 2022.
             Was an Elder of Zin.
             Killed from afar by a black draconian (9 damage)
             ... with a bolt of lightning
             ... led by a yellow draconian annihilator
             ... on level 5 of the Realm of Zot.
             The game lasted 04:20:23 (114526 turns).

spaghetti the Slayer (Naga Gladiator)             Turns: 114526, Time: 04:20:23

Health: -1/282     AC: 61    Str: 30    XL:     27
Magic:  27/38      EV: 13    Int: 17    God:    Zin [****..]
Gold:   3965       SH: 33    Dex: 24    Spells: 26/26 levels left

rFire   + + .      SeeInvis +   d - +18 lance "Wyrmbane" {slay drac, rPois rF+ rC+ AC+3}
rCold   + . .      Faith    .   t - +5 tower shield of Discretion {rC- rN+ Int+5}
rNeg    + + .      Spirit   .   R - +8 orange crystal plate armour {Archmagi, Int+3 Clar, rare=g}
rPois   +          Reflect  +   c - +2 helmet
rElec   .          Harm     .   O - +2 cloak {Will+}
rCorr   .          Rampage  .   J - +2 pair of gloves {infuse}
Will    +++++      Archmagi +   f - +4 barding "Bighul" {rC+ Dex+2}
Stlth   .......... Clarity  +   a - amulet of reflection
HPRegen 0.57/turn               w - ring of Xom's Whimsicality {Fly Will+ Str+5 Dex+6}
MPRegen 0.26/turn               K - ring "Behuec" {rF+ rN+ Will+ Slay+4 Stlth+}

@: on recite cooldown, flying, hasted, unable to read, quick
A: AC +9, large, see invisible, deformed body, poison resistance, slowness 2,
spit poison 1, naga tail 2, deterioration 2, dopey 1, screaming 1, no potion
heal 1, inability to read while threatened, devolution 1
}: 3/15 runes: decaying, serpentine, silver
a: Spit Poison, Renounce Religion, Recite, Vitalisation, Imprison, Donate Gold


You were on level 5 of the Realm of Zot.
You worshipped Zin.
Zin was greatly pleased with you.
You visited 13 branches of the dungeon, and saw 57 of its levels.
You also visited: Wizlab.

You collected 7200 gold pieces.
You spent 2648 gold pieces at shops.
You donated 587 gold pieces to Zin.


Innate Abilities, Weirdness & Mutations

Your serpentine skin is tough. (AC +9)
You have supernaturally acute eyesight. (SInv)
Armour fits poorly on your strangely shaped body.
Your system is resistant to poisons. (rPois)
You cover ground very slowly.
You can spit poison.
You can use your snake-like lower body to constrict enemies.
Your body often deteriorates upon taking damage.
You are dopey. (Int -2)
You occasionally shout uncontrollably at your foes.
Potions are less effective at restoring your health.
You sometimes lose the ability to read scrolls when taking damage.
You have hidden genetic defects.


   Skills:
 - Level 23.0 Fighting
 - Level 3.3 Short Blades
 - Level 18.9 Axes
 - Level 8.0 Throwing
 + Level 18.3 Armour
 - Level 18.7 Dodging
 - Level 17.8 Shields
 - Level 22.1 Invocations


You had 26 spell levels left.
You didn't know any spells.
Your spell library contained the following spells:

 Spells                   Type           Power      Damage    Failure   Level
 Foxfire                  Conj/Fire      0%         2x1d4     99%         1
 Freeze                   Ice            0%         1d3       99%         1
 Magic Dart               Conj           0%         1d3       99%         1
 Pain                     Necr           0%         1d4       99%         1
 Sandblast                Erth           0%         2d4       99%         1
 Shock                    Conj/Air       0%         1d3       99%         1
 Sting                    Tmut/Pois      0%         1d3       99%         1
 Blink                    Tloc           0%         N/A       100%        2
 Call Imp                 Summ           0%         N/A       100%        2
 Corpse Rot               Necr/Air       0%         N/A       100%        2
 Ensorcelled Hibernation  Hex/Ice        0%         N/A       100%        2
 Poisonous Vapours        Pois/Air       0%         N/A       100%        2
 Scorch                   Fire           0%         2d5       100%        2
 Searing Ray              Conj           0%         2d4       100%        2
 Sublimation of Blood     Necr           0%         N/A       100%        2
 Wereblood                Tmut           0%         N/A       100%        2
 Confusing Touch          Hex            0%         N/A       100%        3
 Conjure Flame            Conj/Fire      0%         6-21      100%        3
 Dazzling Flash           Conj/Hex       0%         N/A       100%        3
 Frozen Ramparts          Ice            0%         1d2       100%        3
 Gell's Gravitas          Tloc           0%         N/A       100%        3
 Inner Flame              Hex/Fire       0%         N/A       100%        3
 Lesser Beckoning         Tloc           0%         N/A       100%        3
 Mephitic Cloud           Conj/Pois/Air  0%         N/A       100%        3
 Spider Form              Tmut/Pois      0%         N/A       100%        3
 Summon Guardian Golem    Hex/Summ       0%         N/A       100%        3
 Swiftness                Air            0%         N/A       100%        3
 Teleport Other           Tloc           0%         N/A       100%        3
 Anguish                  Hex/Necr       0%         N/A       100%        4
 Animate Armour           Summ/Erth      0%         N/A       100%        4
 Cause Fear               Hex            0%         N/A       100%        4
 Dispel Undead            Necr           0%         3d6       100%        4
 Flame Wave               Conj/Fire      0%         2d4       100%        4
 Fulminant Prism          Conj/Hex       0%         3d6       100%        4
 Hailstorm                Conj/Ice       0%         3d3       100%        4
 Ice Form                 Ice/Tmut       0%         N/A       100%        4
 Leda's Liquefaction      Hex/Erth       0%         N/A       100%        4
 Olgreb's Toxic Radiance  Pois           0%         N/A       100%        4
 Petrify                  Tmut/Erth      0%         N/A       100%        4
 Summon Ice Beast         Ice/Summ       0%         N/A       100%        4
 Agony                    Necr           0%         N/A       100%        5
 Blade Hands              Tmut           0%         N/A       100%        5
 Fireball                 Conj/Fire      0%         3d3       100%        5
 Freezing Cloud           Conj/Ice/Air   0%         6-21      100%        5
 Irradiate                Conj/Tmut      0%         3d13      100%        5
 Lee's Rapid Deconstruct  Erth           0%         3d5*      100%        5
 Manifold Assault         Tloc           0%         N/A       100%        5
 Silence                  Hex/Air        0%         N/A       100%        5
 Summon Mana Viper        Hex/Summ       0%         N/A       100%        5
 Yara's Violent Unravell  Hex/Tmut       0%         3d3       100%        5
 Death Channel            Necr           0%         N/A       100%        6
 Dispersal                Tloc           0%         N/A       100%        6
 Iron Shot                Conj/Erth      0%         9d1       100%        6
 Simulacrum               Ice/Necr       0%         N/A       100%        6
 Starburst                Conj/Fire      0%         6d3       100%        6
 Statue Form              Tmut/Erth      0%         N/A       100%        6
 Summon Cactus Giant      Summ           0%         N/A       100%        6
 Dragon Form              Tmut           0%         N/A       100%        7
 Enfeeble                 Hex            0%         N/A       100%        7
 Monstrous Menagerie      Summ           0%         N/A       100%        7
 Orb of Destruction       Conj           0%         9d5       100%        7
 Spellforged Servitor     Conj/Summ      0%         N/A       100%        7
 Storm Form               Tmut/Air       0%         N/A       100%        7
 Summon Hydra             Summ           0%         N/A       100%        7
 Disjunction              Tloc           0%         N/A       100%        8
 Ignition                 Fire           0%         3d3       100%        8
 Dragon's Call            Summ           0%         N/A       100%        9
 Polar Vortex             Ice            0%         N/A       100%        9

Inventory:

Hand Weapons
 d - the +18 lance "Wyrmbane" (weapon) {slay drac, rPois rF+ rC+ AC+3}
   (You took it off a necromancer on level 5 of the Vaults)

   It inflicts extra damage against dragons and draconians.
   AC:        It affects your AC (+3).
   rF:        It protects you from fire.
   rC:        It protects you from cold.
   rPois:     It protects you from poison.
 s - a +9 broad axe of holy wrath {axe}
   (You took it off a death knight on level 15 of the Dungeon)
Missiles
 e - 20 javelins {throwing}
 h - 1397 stones (quivered) {throwing}
 k - 115 poisoned darts {throwing}
 n - 30 boomerangs {throwing}
 D - 13 curare-tipped darts {=fthrowing}
 E - 20 atropa-tipped darts {throwing}
 S - 8 silver boomerangs {throwing}
 W - 4 silver javelins {throwing}
Armour
 c - a +2 helmet (worn)
   (You found it on level 3 of the Lair of Beasts)
 f - the +4 barding "Bighul" (worn) {rC+ Dex+2}
   (You acquired it on level 2 of the Dungeon)

   Dex:       It affects your dexterity (+2).
   rC:        It protects you from cold.
 t - the +5 tower shield of Discretion (worn) {rC- rN+ Int+5}
   (You took it off Mennas on level 4 of the Vaults)

   Int:       It affects your intelligence (+5).
   rC:        It makes you vulnerable to cold.
   rN:        It protects you from negative energy.
 J - a +2 pair of gloves of infusion (worn)
   (You bought it in a shop on level 2 of the Dungeon)
 O - a +2 cloak of willpower (worn)
   (You found it in a wizard's laboratory)
 R - the +8 orange crystal plate armour (worn) {Archmagi, Int+3 Clar, rare=g}
   (You took it off a vault guard on level 5 of the Vaults)

   Int:       It affects your intelligence (+3).
   Clar:      It protects you against confusion.
 Z - a +10 plate armour of cold resistance
   (You bought it in a shop on level 7 of the Dungeon)
Jewellery
 a - an amulet of reflection (around neck)
   (You found it on level 3 of the Lair of Beasts)
 w - the ring of Xom's Whimsicality (left hand) {Fly Will+ Str+5 Dex+6}
   (You took it off an ironbound preserver on level 5 of the Vaults)

   [ring of dexterity]

   Str:       It affects your strength (+5).
   Dex:       It affects your dexterity (+6).
   Fly:       It grants you flight.
   Will:      It increases your willpower.
 K - the ring "Behuec" (right hand) {rF+ rN+ Will+ Slay+4 Stlth+}
   (You found it on level 5 of the Vaults)

   [ring of willpower]

   Slay:      It affects your accuracy & damage with ranged weapons and melee
   (+4).
   rF:        It protects you from fire.
   rN:        It protects you from negative energy.
   Will:      It increases your willpower.
   Stlth:     It makes you more stealthy.
 T - a +6 ring of dexterity
   (You found it on level 2 of the Realm of Zot)
Wands
 p - a wand of digging (28)
   (You found it on level 3 of the Lair of Beasts)
 q - a wand of flame (122)
   (You found it on level 3 of the Dungeon)
 y - a wand of charming (16)
   (You found it on level 1 of the Snake Pit)
 C - a wand of acid (31)
   (You found it on level 6 of the Dungeon)
 H - a wand of iceblast (40)
   (You found it on level 8 of the Dungeon)
 V - a wand of paralysis (44)
   (You found it on level 12 of the Dungeon)
Scrolls
 i - 8 scrolls of vulnerability {!r!r}
 j - 4 scrolls of brand weapon
 l - 13 scrolls of teleportation {@r4}
 m - 5 scrolls of magic mapping {!r}
 r - 8 scrolls of amnesia
 B - a scroll of fear
 F - 9 scrolls of immolation {!r!r}
 P - 9 scrolls of fog
 X - 8 scrolls of blinking {!r}
Potions
 g - 9 potions of brilliance
 u - 2 potions of magic
 v - 9 potions of flight
 z - 4 potions of invisibility
 G - a potion of resistance
 I - 11 potions of attraction {!q}
 L - 3 potions of cancellation
 M - 4 potions of ambrosia
 Q - 8 potions of might
 U - 10 potions of haste {@q3}
 Y - 17 potions of curing {@q1}
Miscellaneous
 b - a tin of tremorstones (2/2) {throwing}
   (You found it on level 3 of the Depths)
 o - a phial of floods (inert)
   (You found it on level 12 of the Dungeon)
 A - a condenser vane {forbidden}
   (You found it on level 5 of the Vaults)
 N - a phantom mirror
   (You found it in a wizard's laboratory)

Dungeon Overview and Level Annotations

Branches:
Dungeon (15/15)            Temple (1/1) D:7            Lair (6/6) D:9
  Swamp (4/4) Lair:4        Snake (4/4) Lair:4        Slime (4/5) Lair:5
    Orc (2/2) D:11            Elf (3/3) Orc:2        Vaults (5/5) D:13
  Crypt (3/3) Vaults:3       Tomb (0/3) Crypt:3      Depths (4/4) D:15
   Hell (visited)             Coc (0/7) Hell            Tar (0/7) Hell
    Zot (5/5) Depths:4     WizLab (visited)
    Dis: Hell:1         Geh: Hell:1

Altars:
Ashenzari
Cheibriados
Dithmenos
Elyvilon
Fedhas
Gozag
Hepliaklqana
Kikubaaqudgha
Makhleb
Nemelex Xobeh
Okawaru
Qazlal
Ru
Sif Muna
Trog
Uskayaw
Vehumet
Wu Jian
Xom
Yredelemnul
Zin
The Shining One
Beogh

Shops:
D:2 [?[   D:7 [   D:13 [   Orc:1 !   Orc:2 *:([   Elf:2 *   Elf:3 :==
Snake:3 =   Vaults:1 [   Vaults:4 (   Vaults:5 ?   Depths:1 *   Depths:2 (

Portals:
Hell: Depths:1 Depths:2 Depths:3 Depths:4
Abyss: Depths:2 Depths:3
Pandemonium: Depths:1 Depths:2
Ziggurat: Depths:3

Annotations:
D:12 1 exclusion
Lair:2 2 exclusions
Lair:3 2 transporters, 1 exclusion
Orc:2 exclusions: downstairs and 1 more exclusion
Elf:1 1 exclusion
Elf:2 1 exclusion
Elf:3 2 exclusions
Vaults:3 1 exclusion
Vaults:4 2 exclusions
Vaults:5 1 exclusion
Crypt:1 exclusion: orange crystal statue
Crypt:3 exclusions: 3 doors and 1 more exclusion
Depths:2 1 exclusion
Depths:3 exclusions: hell hog, hell knight, 2 hellions and 1 more exclusion
Zot:2 2 transporters, Rir Ukk's ghost, legendary HOMo

.. ##....... .^... ▓▓▓▓▓▓▓▓▓
#.................
▓▓.......▓▓▓....d^..[........
▓▓........^▓▓.................
.▓...........▓.................
..^....0............d..........
▓....XXX..^.▓..d.d............
▓...X.§...▓▓@..q.............
▓▓..XX...▓▓▓.................
▓▓▓▓▓▓▓▓▓ ▓.....^.........^.
▓▓................
▓▓.............. ▓▓▓...........
▓▓▓▓▓▓▓▓▓▓


You could see 2 draconians, a yellow draconian, a white draconian and a yellow
draconian annihilator.


Message History

The Orb Guardian hits you.
* * * LOW HITPOINT WARNING * * *
The Orb Guardian moves out of view.
You see here a throwing net {=f!fthrowing}. 😨 HP[-4]
You take 4 damage, and now have 132/282 hp.
Okay, then.
You struggle against the net.
The Orb Guardian hits you but does no damage. x4
The Orb Guardian disappears!
The Orb Guardian hits you but does no damage. 😨 HP[+1] MP[+1]
You tear a large gash into the net.
The Orb Guardian hits you but does no damage.
The Orb Guardian hits you!
* * * LOW HITPOINT WARNING * * *
The Orb Guardian hits you but does no damage.
The Orb Guardian hits you.
* * * LOW HITPOINT WARNING * * *
The Orb Guardian disappears!
The Orb Guardian hits you!!
You feel threatened and lose the ability to read scrolls!
* * * LOW HITPOINT WARNING * * *
The Orb Guardian hits you!
* * * LOW HITPOINT WARNING * * *
The Orb Guardian hits you.
* * * LOW HITPOINT WARNING * * *
The Orb Guardian hits you but does no damage. x2 😨 HP[-52]
You take 52 damage, and now have 81/282 hp.
You struggle against the net.
The Orb Guardian barely misses you. The Orb Guardian hits you!
* * * LOW HITPOINT WARNING * * *
The Orb Guardian hits you!!
* * * LOW HITPOINT WARNING * * *
The Orb Guardian hits you but does no damage.
The Orb Guardian disappears!
The Orb Guardian hits you but does no damage. 😱 HP[-26]
You take 26 damage, and now have 55/282 hp.
Activating: Recite (0% risk of failure)
Press: ? - help, Dir - look around, f - activate You clear your throat and prepare to recite. "And Zin said to all in attendance, 'Which of ye..."
The Orb Guardian is confused by your recitation.
The Orb Guardian is dazed by your recitation. x2
You hear a roar! x3
The Orb Guardian is lost in a daze.
The Orb Guardian hits you but does no damage. x3
The Orb Guardian hits you!!
* * * LOW HITPOINT WARNING * * *
The Orb Guardian hits you but does no damage.
The Orb Guardian hits you.
* * * LOW HITPOINT WARNING * * *
The Orb Guardian hits you but does no damage. 😱 HP[-26]
You take 26 damage, and now have 29/282 hp.
Unknown command.
Unknown command.
Your system partially rejects the healing.
You feel much better. "...number among the legions of the damned?
Come before me, that..."
The Orb Guardian is dazed by your recitation. x2
The Orb Guardian barely misses you.
The Orb Guardian is lost in a daze. x2
The Orb Guardian hits you!
* * * LOW HITPOINT WARNING * * *
The Orb Guardian hits you but does no damage. 😱 HP[-3] MP[+1]
You take 3 damage, and now have 26/282 hp.
You cannot read scrolls in your current state!
Unknown command.
You feel yourself speed up. "...I may censure you now for your sacrilege!'" You finish reciting Anathema 9:58.
You hear a roar!
The Orb Guardian is lost in a daze.
The Orb Guardian hits you but does no damage.
The Orb Guardian is lost in a daze.
The Orb Guardian hits you.
* * * LOW HITPOINT WARNING * * *
The Orb Guardian hits you!!
* * * LOW HITPOINT WARNING * * *
The Orb Guardian is lost in a daze.
The Orb Guardian barely misses you.
The Orb Guardian hits you but does no damage. 😱 HP[-19]
You take 19 damage, and now have 7/282 hp.
You rip the net and break free!
The Orb Guardian is lost in a daze.
The Orb Guardian disappears!
The Orb Guardian is lost in a daze.
You block the Orb Guardian's attack. x2 😱 HP[+1] Really fly into that permanent teleport trap?
The Orb Guardian attacks as you move away!
You block the Orb Guardian's attack.
The Orb Guardian attacks as you move away!
You block the Orb Guardian's attack.
The Orb Guardian attacks as you move away!
You block the Orb Guardian's attack.
You enter a permanent teleport trap!
Your surroundings suddenly seem different.
The black draconian breathes lightning at you.
The bolt of lightning hits you!
You die...

Skill      XL: |  1  2  3  4  5  6  7  8  9 10 11 12 13 14 15 16 17 18 19 20 21 22 23 24 25 26 27 |
---------------+----------------------------------------------------------------------------------+-----
Throwing       | 2 3 4 5 6 7 8 |  8.0
Fighting       | 3 4 5 6 7 8 9 10 11 12 13 14 15 16 18 23 | 23.0
Dodging        | 3 4 5 6 7 8 10 11 13 17 18 | 18.7
Invocations    | 1 2 3 4 6 7 8 9 11 12 13 14 15 16 21 22 | 22.1
Axes           | 1 2 3 5 6 7 11 12 14 15 18 | 18.9
Armour         | 1 2 3 4 5 6 7 8 9 10 11 12 13 14 15 18 | 18.3
Shields        | 1 2 4 5 6 7 8 9 11 12 14 15 16 17 | 17.8
Short Blades   | |  3.3

Action                   |  1- 3 |  4- 6 |  7- 9 | 10-12 | 13-15 | 16-18 | 19-21 | 22-24 | 25-27 || total
-------------------------+-------+-------+-------+-------+-------+-------+-------+-------+-------++-------
Melee: Rapier            |    60 |    49 |       |       |       |       |       |       |       ||   109
       Punch             |     2 |     1 |       |       |       |       |       |       |       ||     3
       Hand axe          |       |    81 |   229 |   328 |   928 |  1054 |   978 |  1003 |       ||  4601
       Constrict         |       |       |       |       |   160 |   218 |   208 |   271 |   381 ||  1238
       Broad axe         |       |       |       |       |       |       |       |   531 |  1427 ||  1958
       Lance             |       |       |       |       |       |       |       |       |  1186 ||  1186
Throw: Stone             |    66 |   158 |    79 |   180 |   484 |   457 |   167 |    34 |    50 ||  1675
       Boomerang         |       |       |       |       |       |   156 |       |       |       ||   156
       Dart              |       |       |       |       |       |       |       |     3 |       ||     3
Invok: Vitalisation      |     1 |     2 |     4 |     2 |     3 |     3 |     1 |       |     1 ||    17
       Recite            |       |     5 |    18 |    11 |    11 |    28 |     7 |       |     3 ||    83
       Sanctuary         |       |       |       |       |       |     7 |     2 |     1 |     3 ||    13
       Imprison          |       |       |       |       |       |     1 |     3 |     1 |     6 ||    11
       Cleansing Flame   |       |       |       |       |       |       |       |     5 |     2 ||     7
       Divine Shield     |       |       |       |       |       |       |       |     5 |       ||     5
       Summon Divine War |       |       |       |       |       |       |       |     7 |       ||     7
       Brand Weapon With |       |       |       |       |       |       |       |     1 |       ||     1
 Abil: Spit Poison       |       |     8 |    13 |     6 |     9 |     2 |       |       |       ||    38
       Evoke Blink       |       |       |       |       |     2 |       |     2 |     1 |     1 ||     6
Evoke: Wand              |       |       |     7 |     3 |    10 |       |       |       |       ||    20
       Phantom mirror    |       |       |       |       |       |       |       |     1 |     1 ||     2
       Phial of floods   |       |       |       |       |       |       |       |       |     1 ||     1
  Use: Potion            |       |     1 |     5 |     7 |     2 |     2 |     1 |     6 |    22 ||    46
       Scroll            |       |    10 |     8 |     7 |    10 |     8 |    12 |    23 |    10 ||    88
 Stab: Invisible         |       |       |     3 |       |       |     1 |       |       |       ||     4
       Paralysed         |       |       |     2 |       |    11 |     2 |       |       |       ||    15
       Sleeping          |       |       |     1 |       |       |       |       |       |       ||     1
       Confused          |       |       |       |     5 |     5 |       |     8 |       |     4 ||    22
       Petrified         |       |       |       |       |     5 |       |       |       |       ||     5
       Distracted        |       |       |       |       |       |    30 |    42 |     4 |       ||    76
Armor: Leather armour    |    14 |    53 |   127 |   144 |   249 |       |       |       |       ||   587
       Troll leather arm |       |       |       |    50 |    64 |       |       |       |       ||   114
       Plate armour      |       |       |       |       |   167 |  1254 |   515 |   835 |   691 ||  3462
       Crystal plate arm |       |       |       |       |       |       |       |       |   576 ||   576
Dodge: Dodged            |    29 |    53 |    55 |    94 |   193 |   162 |    82 |   238 |   602 ||  1508
Block: Tower shield      |       |     3 |   189 |   272 |   595 |  1067 |   704 |  1749 |  3169 ||  7748
       Kite shield       |       |       |       |       |   121 |       |       |       |       ||   121
       Reflection        |       |       |       |       |       |       |       |    33 |   197 ||   230

Levels and vault maps discovered:
D:1:      elethiomel_arrival_diamonds, layout_basic,
          chequers_ecumenical_altar_simple, minmay_gold_behind_fungi,
          chequers_serial_rivers_micro_c
D:2:      layout_loops_ring, serial_shops, shop, nicolae_shop_hallway_plus,
          nicolae_shop_hallway_plus
D:3:      layout_basic, minmay_surrounded
D:4:      layout_rooms, nrook_loot_triangle, st_stairs_11, minmay_misc_feat_x,
          chequers_serial_rivers_room_a
D:5:      kennysheep_big_flooded_room, layout_rooms, lemuel_tele_altar,
          grunt_ministairs_7, hangedman_decor_slide_cut, uniq_crazy_yiuf_cottage
D:6:      layout_gridville, nicolae_figureground_pulse, uniq_blork_the_orc
D:7:      layout_rooms, minmay_temple_entry_slanted, serial_shops,
          shop_fountains, nicolae_concentric_dashed_squares_wild,
          amcnicky_mini_corridor_feature, chequers_garden
D:8:      layout_loops_ring, uniq_pikel
D:9:      layout_basic, erik_lair_island, kennysheep_crisscross, uniq_joseph
D:10:     wad_guarded_room, layout_cave_pools
D:11:     layout_grid_maze, orc_0_dummy, minmay_misc_feat_enclosed,
          kennysheep_minor_cross
D:12:     layout_roguey
D:13:     layout_roguey, erik_vaults_2, serial_shops, shop, uniq_jorgrun
D:14:     layout_irregular_city, maelrawn_ghost_gauntlet_escape, tso_metal_star,
          minivault_8
D:15:     hangedman_depths_entry_civil_slaughter, layout_irregular_city,
          patterned_corridor, hangedman_glass_teeth, uniq_josephine
Temple:   mainiacjoe_temple_starburst
Lair:1:   layout_layer_cave, infiniplex_staircase_pool_2, grunt_megastairs_5
Lair:2:   layout_layer_cave, grunt_megastairs_4
Lair:3:   gammafunk_cloud_chamber, layout_hall_layers, minmay_lair_oklob_bushes,
          infiniplex_staircase_pool
Lair:4:   layout_hall_layers, minmay_swamp_entry_worms,
          minmay_snake_entry_guardpost_medium, nzn_sisyphean_effort, uniq_kirke,
          uniq_sonja
Lair:5:   beast_lair_carwin_large_2, layout_gridlike,
          minmay_slime_entry_jelly_boxes, grunt_megastairs_3
Lair:6:   grunt_lair_end_beastmaster, layout_hall_layers, lemuel_centaur_altar,
          grunt_megastairs_1
Swamp:1:  layout_falls_marsh, hangedman_swamp_ruin_wall
Swamp:2:  layout_falls_marsh, serial_swamp_ruin, evilmike_swamp_ruin_house_5,
          evilmike_swamp_ruin_house_6, evilmike_swamp_ruin_house_3, swamp_pool1
Swamp:3:  layout_basic_swamp, evilmike_swamp_ruin_house_1, st_shrine_of_shade
Swamp:4:  byrel_swamp_growth_death_and_undeath, layout_basic_swamp
Snake:1:  layout_layer_cave, uniq_aizul, uniq_agnes
Snake:2:  hangedman_cross_veins, layout_layer_cave, basic_altar
Snake:3:  layout_basic, serial_shops, nicolae_shop_behind_doors, basic_altar
Snake:4:  snake_pit, layout_rooms, minmay_snake_pond, serial_bayou_shore_b
Slime:1:  layout_caves
Slime:2:  layout_caves
Slime:3:  layout_caves
Slime:4:  layout_caves
Orc:1:    layout_caves, nicolae_volcano_entry_vermiform, serial_shops, shop,
          mines5_lemuel, uniq_harold
Orc:2:    grunt_orc_cross, layout_caves, nicolae_orc_stony_grotto,
          uniq_saint_roka
Elf:1:    nicolae_elf_arrival_aired_out, layout_loops_ring,
          hangedman_elf_represent
Elf:2:    elven_hall_of_blades_hangedman_original [nicolae_blade_bullseye],
          layout_rooms, nicolae_shop_gadgets
Elf:3:    minmay_elf_hall_hex, layout_geoelf_grid, minmay_misc_feat_pillars,
          st_stairs_12, minivault_25_ag, minmay_shop_grove
Vaults:1: dpeg_vaults_monster_doublerow, v_misc_10,
          nicolae_vaults_little_squares_2, nicolae_vaults_border_crossing,
          nicolae_vaults_bisected_exclaves, vaults_room_semicircle,
          nicolae_vaults_asterisk, layout_vaults_omnigrid, serial_shops,
          nicolae_square_shop
Vaults:2: vaults_dpeg_ring, nicolae_vaults_alarming, nicolae_vaults_octagons,
          ontoclasm_vaults_misaligned, hangedman_vaults_slice,
          ontoclasm_vaults_twist, nicolae_vaults_little_squares_4,
          v_alt_pattern_6, hangedman_vaults_corner, vaults_room_pools,
          v_pattern_4, nicolae_vaults_network_star, layout_vaults_omnibox
Vaults:3: portal_desolation_entry_holy_temple, nicolae_vaults_rhombus_7,
          st_cells, hangedman_vaults_capsules, hangedman_vaults_pinch,
          v_misc_15, minmay_crypt_entry_necro_gods, vaults_mumra_chevron,
          vaults_dpeg_encased_lava, v_misc_26, hangedman_vaults_trim,
          nicolae_vaults_little_squares_4, nicolae_vaults_network_square,
          vaults_room_hallway, nicolae_vaults_asterisk, layout_vaults_omnicross
Vaults:4: v_rooms_2, v_misc_9, hangedman_vaults_locks,
          hangedman_vaults_variations, nicolae_vaults_statue_guard,
          dpeg_vaults_monster_box, ontoclasm_vaults_ring_square, v_misc_24,
          ontoclasm_vaults_misaligned, grunt_vaults_twisty,
          vaults_room_stairs_pillars, layout_vaults_maze, serial_shops,
          nicolae_shop_behind_doors
Vaults:5: serial_shops, uniq_mennas
Crypt:1:  cheibrodos_crypt_eye_of_stone, layout_chaotic_city,
          lightli_enter_wizlab_magi_temple, grunt_crypt_arrival_guarded_gate
Crypt:2:  layout_regular_city
Crypt:3:  david_glass_crypt, layout_gridlike
Depths:1: layout_roguey, serial_shops, nicolae_shop_overgrown_old_shop,
          grunt_pan_entry_spiral, chequers_big_river, hell_entry,
          kiku_gazebo_pond_becter, serial_bayou_shore_a, serial_bayou_shore_b,
          uniq_sojobo
Depths:2: minmay_triangles_in_corner, layout_cross, fiery_altar_vehumet,
          abyss_entry, pan_entry, hell_entry, minmay_shop_star,
          infiniplex_staircase_zigzag_4
Depths:3: minmay_tri_box, layout_gridlike, enter_ziggurat_f, hellmouth_3,
          abyss_entry, serial_corexii_hall, corexii_hall_statues_i,
          corexii_hall_statues_x, kennysheep_nondescript
Depths:4: evilmike_zot_entry_hall, layout_cave_shapes,
          hangedman_abyss_or_decor_jellyfish_corner, grunt_mini_vestibule,
          xom_teletrap_fun, serial_bayou_shore_b
Hell
Zot:1:    layout_basic
Zot:2:    kennysheep_spiral_hall, layout_cathedral_of_symmetry,
          gammafunk_ghost_arena
Zot:3:    layout_gridlike
Zot:4:    layout_onion_interference
Zot:5:    layout_onion

Notes
Turn   | Place    | Note
-------+----------+-------------------------------------------
     0 | D:1      | spaghetti the Naga Gladiator began the quest for the Orb.
     0 | D:1      | Reached XP level 1. HP: 19/19 MP: 1/1
     0 | D:1      | magus.rc [v1.9.6]
   276 | D:1      | Reached skill level 2 in Throwing
   276 | D:1      | Reached XP level 2. HP: 26/26 MP: 2/2
   443 | D:1      | You pick up a book of Alchemy and begin reading...
   443 | D:1      | You add the spells Sublimation of Blood, Petrify and
                  | Irradiate to your library.
   566 | D:1      | Found a faded altar of an unknown god.
   583 | D:1      | Prayed at the altar of an unknown god.
   583 | D:1      | Became a worshipper of Zin the Law-Giver
   583 | D:1      | Reached * piety under Zin
   583 | D:1      | Reached ** piety under Zin
   749 | D:1      | Reached XP level 3. HP: 33/33 MP: 3/3
   924 | D:2      | Found Moajaunimp's Antique Armour Emporium.
  1029 | D:2      | Noticed a necrophage
  1050 | D:2      | Killed a necrophage
  1051 | D:2      | Reached skill level 3 in Fighting
  1051 | D:2      | Reached skill level 3 in Dodging
  1051 | D:2      | Reached skill level 1 in Invocations
  1051 | D:2      | Reached XP level 4. HP: 12/42 MP: 2/5
  1369 | D:2      | Found Yroemuf's Armour Shoppe.
  1524 | D:2      | HP: 9/42 [frozen (3)]
  1888 | D:2      | Found Liovear's Magic Scroll Shop.
  2274 | D:3      | Reached XP level 5. HP: 28/49 MP: 6/6
  2670 | D:4      | Reached skill level 2 in Invocations
  3023 | D:2      | Bought a scroll of enchant weapon for 97 gold pieces
  3023 | D:2      | Bought a scroll of enchant weapon for 97 gold pieces
  3029 | D:2      | Identified a scroll of acquirement
  3029 | D:2      | Acquired the +4 barding "Bighul" {rC+ Dex+2}
  3192 | D:3      | Reached skill level 3 in Throwing
  3282 | D:3      | Reached skill level 1 in Axes
  3282 | D:3      | Reached XP level 6. HP: 44/56 MP: 7/7
  3785 | D:4      | Reached *** piety under Zin
  3831 | D:4      | You pick up a book of Blood and begin reading...
  3831 | D:4      | You add the spells Wereblood and Summon Hydra to your
                  | library.
  4147 | D:4      | Identified the +2 spear of Wisdom {freeze, +Blink rElec}
  4468 | D:5      | Entered Level 5 of the Dungeon
  4468 | D:5      | Noticed an ice beast
  4476 | D:5      | Reached skill level 4 in Fighting
  4476 | D:5      | Reached skill level 3 in Invocations
  4476 | D:5      | Reached XP level 7. HP: 63/64 MP: 9/9
  4483 | D:5      | Reached skill level 2 in Axes
  4483 | D:5      | Reached skill level 1 in Armour
  4841 | D:5      | Reached skill level 1 in Shields
  4994 | D:5      | Reached skill level 4 in Throwing
  5023 | D:5      | Reached **** piety under Zin
  5040 | D:5      | Found a shadowy altar of Dithmenos.
  5228 | D:5      | Found a runed translucent door.
  5229 | D:5      | Noticed Crazy Yiuf
  5274 | D:5      | HP: 16/66 [centaur/arrow (10)]
  5282 | D:5      | Reached XP level 8. HP: 26/73 MP: 10/10
  5684 | D:5      | HP: 18/73 [acid dragon (5)]
  5971 | D:5      | Reached skill level 4 in Invocations
  5983 | D:6      | Reached skill level 3 in Axes
  5983 | D:6      | Reached skill level 2 in Shields
  6286 | D:5      | HP: 1/73 [acid dragon/splash of acid (19)]
  6695 | D:5      | Killed Crazy Yiuf
  6696 | D:5      | Reached skill level 2 in Armour
  6754 | D:6      | Reached skill level 5 in Fighting
  6983 | D:6      | Noticed Blork the orc
  6994 | D:6      | Killed Blork the orc
  6995 | D:6      | Reached skill level 4 in Dodging
  6995 | D:6      | Reached XP level 9. HP: 44/81 MP: 10/12
  7284 | D:6      | Reached skill level 3 in Shields
  7427 | D:6      | Reached skill level 4 in Axes
  7427 | D:6      | Reached skill level 5 in Throwing
  7427 | D:6      | Reached skill level 5 in Invocations
  8357 | D:7      | You pick up a book of the Senses and begin reading...
  8357 | D:7      | You add the spells Dazzling Flash, Agony and Silence to
                  | your library.
  8412 | D:8      | Noticed Pikel
  8425 | D:8      | Killed Pikel
  8426 | D:8      | Reached skill level 6 in Fighting
  8750 | D:7      | Found a staircase to the Ecumenical Temple.
  8759 | D:7      | Found Elie's Armour Boutique.
  8840 | D:7      | Reached skill level 5 in Axes
  8840 | D:7      | Reached skill level 3 in Armour
  8840 | D:7      | Reached skill level 4 in Shields
  8840 | D:7      | Reached skill level 6 in Invocations
  8840 | D:7      | Reached XP level 10. HP: 92/92 MP: 14/14
  9664 | D:8      | You add the spells Sting, Poisonous Vapours and Olgreb's
                  | Toxic Radiance to your library.
  9967 | D:2      | Bought a +1 pair of gloves of infusion for 198 gold pieces
 10656 | D:9      | Reached skill level 6 in Throwing
 10667 | D:9      | HP: 17/92 [yak (9)]
 10671 | D:9      | HP: 8/92 [yak (6)]
 11024 | D:9      | You pick up a book of Decay {forbidden} and begin
                  | reading...
 11024 | D:9      | You add the spells Corpse Rot, Dispel Undead and Death
                  | Channel to your library.
 11206 | D:9      | Noticed Joseph
 11227 | D:9      | HP: 13/92 [Joseph/bolt of acid (34)]
 11229 | D:9      | Killed Joseph
 11230 | D:9      | Reached skill level 7 in Fighting
 11685 | D:9      | Found a staircase to the Lair.
 12024 | D:9      | Reached skill level 6 in Axes
 12024 | D:9      | Reached skill level 7 in Invocations
 12068 | D:10     | Entered Level 10 of the Dungeon
 12322 | D:10     | Reached skill level 4 in Armour
 12420 | D:10     | Noticed an unseen horror
 12438 | D:10     | Killed an unseen horror
 12439 | D:10     | Reached skill level 5 in Dodging
 12439 | D:10     | Reached XP level 11. HP: 100/100 MP: 13/16
 12491 | D:10     | Reached ***** piety under Zin
 12671 | D:10     | Reached skill level 5 in Shields
 12671 | D:10     | Noticed a two-headed ogre
 12700 | D:10     | Killed a two-headed ogre
 12724 | D:10     | HP: 21/100 [vampire/+0 flail (11)]
 12728 | D:10     | HP: 7/100 [vampire/vampiric draining (5)]
 12728 | D:10     | HP: 2/100 [vampire/+0 flail (5)]
 13134 | D:10     | Noticed a manticore
 13162 | D:10     | Killed a manticore
 13164 | D:10     | Reached skill level 7 in Throwing
 13612 | D:11     | Found a staircase to the Orcish Mines.
 13621 | D:11     | Noticed a manticore
 13639 | D:11     | Killed a manticore
 13839 | D:11     | Noticed a seven-headed hydra
 13853 | D:11     | Killed a one-headed hydra
 13854 | D:11     | Reached skill level 8 in Invocations
 14211 | D:11     | Found the +7 staff of the Meek {protect, meekguard}
 14217 | D:11     | Noticed a boulder beetle
 14255 | D:11     | Reached skill level 8 in Fighting
 14255 | D:11     | Reached skill level 7 in Axes
 14265 | D:11     | Reached skill level 5 in Armour
 14323 | D:11     | Killed a boulder beetle
 14444 | D:11     | Noticed a six-headed hydra
 14456 | D:11     | Killed a one-headed hydra
 14457 | D:11     | Reached XP level 12. HP: 72/111 MP: 16/18
 14574 | D:11     | Reached skill level 6 in Shields
 14841 | D:12     | Identified the +5 shortbow of Premature Burial {freeze,
                  | rElec Int-5 Dex+6}
 14863 | D:12     | Identified a potion of experience
 14866 | D:12     | Reached skill level 11 in Axes
 14866 | D:12     | Gained mutation: You can use your snake-like lower body to
                  | constrict enemies. [Naga growth]
 14866 | D:12     | Reached XP level 13. HP: 118/118 MP: 19/19
 14988 | D:12     | Reached ****** piety under Zin
 15055 | D:12     | You pick up a book of Minor Magic and begin reading...
 15055 | D:12     | You add the spells Magic Dart, Call Imp and Mephitic Cloud
                  | to your library.
 15196 | D:12     | Identified the +7 dagger of Mayhem {freeze, rPois rF+ Str+9
                  | Dex-2}
 15661 | Lair:1   | Entered Level 1 of the Lair of Beasts
 16103 | Lair:1   | Reached skill level 8 in Throwing
 16117 | Lair:1   | Reached skill level 9 in Invocations
 17101 | Lair:2   | Reached skill level 6 in Armour
 17105 | Lair:2   | Reached skill level 9 in Fighting
 17338 | Lair:2   | Reached skill level 6 in Dodging
 18389 | Lair:3   | HP: 18/121 [oklob plant/splash of acid (30)]
 18600 | Lair:3   | HP: 27/121 [oklob plant/splash of acid (15)]
 18601 | Lair:3   | HP: 6/121 [oklob plant/splash of acid (22)]
 18747 | Lair:3   | Identified the +3 leather armour of the Lotus Blossom
                  | {Stlth+}
 18794 | Lair:3   | Found a transporter.
 18799 | Lair:3   | Reached skill level 7 in Shields
 19064 | Lair:3   | Reached XP level 14. HP: 126/129 MP: 21/21
 19194 | Lair:3   | Found a transporter.
 19377 | Lair:4   | Noticed Kirke
 19396 | Lair:4   | Killed Kirke
 19556 | Lair:4   | Reached skill level 12 in Axes
 19658 | Lair:4   | Reached skill level 10 in Invocations
 19903 | Lair:4   | Noticed Sonja
 19907 | Lair:4   | Killed Sonja
 19986 | Lair:4   | Reached skill level 7 in Armour
 20111 | Lair:4   | Found a staircase to the Snake Pit.
 20371 | Lair:4   | Found a staircase to the Swamp.
 20389 | Lair:4   | Reached skill level 10 in Fighting
 21103 | Lair:5   | Found a staircase to the Slime Pits.
 21492 | Lair:5   | You pick up a book of Beasts and begin reading...
 21492 | Lair:5   | You add the spells Summon Ice Beast, Summon Mana Viper and
                  | Monstrous Menagerie to your library.
 21646 | Lair:5   | You pick up a book of Ice and begin reading...
 21646 | Lair:5   | You add the spells Freezing Cloud, Simulacrum and Polar
                  | Vortex to your library.
 22015 | Lair:6   | Entered Level 6 of the Lair of Beasts
 22033 | Lair:6   | Reached skill level 8 in Shields
 22398 | Lair:6   | Reached skill level 11 in Invocations
 22559 | Lair:6   | Found a shimmering altar of Xom.
 22572 | Lair:6   | Reached XP level 15. HP: 94/140 MP: 23/23
 23083 | Lair:6   | Reached skill level 13 in Axes
 23505 | Lair:6   | Reached skill level 8 in Armour
 23540 | Lair:6   | Reached skill level 11 in Fighting
 23972 | Lair:6   | Identified the ring of Jiaf {+Blink rElec Will+ rCorr
                  | Int-5}
 24313 | D:7      | Bought a +3 plate armour of cold resistance for 450 gold
                  | pieces
 24470 | D:13     | Found Xupoelet's Armour Shoppe.
 24655 | D:13     | Found a gate to the Vaults.
 24658 | D:13     | Noticed Jorgrun
 24928 | D:13     | Killed Jorgrun
 25848 | D:13     | You pick up a book of Dangerous Friends and begin
                  | reading...
 25848 | D:13     | You add the spells Summon Guardian Golem, Orb of
                  | Destruction and Spellforged Servitor to your library.
 26042 | D:14     | Found a glowing golden altar of the Shining One.
 26374 | D:14     | Reached skill level 9 in Shields
 26537 | D:14     | Reached skill level 14 in Axes
 26974 | D:14     | Found a runed translucent gate.
 26974 | D:14     | Found a runed translucent gate.
 26974 | D:14     | Found a runed translucent gate.
 26990 | D:14     | Reached skill level 12 in Invocations
 27193 | D:14     | Noticed Ineisoh's ghost (journeyman DjFE)
 27468 | D:14     | Killed Ineisoh's ghost
 27818 | D:15     | Entered Level 15 of the Dungeon
 27819 | D:15     | Noticed Josephine
 27828 | D:15     | Reached XP level 16. HP: 122/152 MP: 25/25
 27833 | D:15     | Killed Josephine
 28141 | D:15     | HP: 37/152 [mirror damage (6)]
 28147 | D:15     | Reached skill level 9 in Armour
 29168 | D:15     | Found a staircase to the Depths.
 29285 | D:15     | magus.rc [v1.9.6]
 29393 | Orc:1    | Entered Level 1 of the Orcish Mines
 29563 | Orc:1    | Found Rilaas's Distillery.
 29610 | Orc:1    | Bought 2 potions of heal wounds for 130 gold pieces
 29693 | Orc:2    | Entered Level 2 of the Orcish Mines
 29853 | Orc:2    | Reached skill level 12 in Fighting
 30090 | Orc:2    | Noticed Saint Roka
 30114 | Orc:2    | Killed Saint Roka
 30394 | Orc:2    | Noticed Urug
 30404 | Orc:2    | Killed Urug
 30422 | Orc:2    | Reached skill level 10 in Shields
 30422 | Orc:2    | Found Ogut Xaa's General Store.
 30430 | Orc:2    | HP: 38/152 [orc warrior/+0 scimitar (9)]
 30903 | Orc:2    | Could not pick up a +0 eveningstar of holy wrath
                  | {macerare=g} here; ([A]lways) ignore it?
 30903 | Orc:2    | Could not pick up a +0 eveningstar of holy wrath
                  | {macerare=g} here; ([A]lways) ignore it?
 30903 | Orc:2    | Could not pick up a +0 eveningstar of holy wrath
                  | {macerare=g} here; ([A]lways) ignore it?
 30903 | Orc:2    | Could not pick up a +0 eveningstar of holy wrath
                  | {macerare=g} here; ([A]lways) ignore it?
 30903 | Orc:2    | Could not pick up a +0 eveningstar of holy wrath
                  | {macerare=g} here; ([A]lways) ignore it?
 30903 | Orc:2    | Could not pick up a +0 eveningstar of holy wrath
                  | {macerare=g} here; ([A]lways) ignore it?
 30903 | Orc:2    | Could not pick up a +0 eveningstar of holy wrath
                  | {macerare=g} here; ([A]lways) ignore it?
 30903 | Orc:2    | Could not pick up a +0 eveningstar of holy wrath
                  | {macerare=g} here; ([A]lways) ignore it?
 30903 | Orc:2    | Could not pick up a +0 eveningstar of holy wrath
                  | {macerare=g} here; ([A]lways) ignore it?
 30903 | Orc:2    | Could not pick up a +0 eveningstar of holy wrath
                  | {macerare=g} here; ([A]lways) ignore it?
 30903 | Orc:2    | Could not pick up a +0 eveningstar of holy wrath
                  | {macerare=g} here; ([A]lways) ignore it?
 30903 | Orc:2    | Could not pick up a +0 eveningstar of holy wrath
                  | {macerare=g} here; ([A]lways) ignore it?
 30903 | Orc:2    | Could not pick up a +0 eveningstar of holy wrath
                  | {macerare=g} here; ([A]lways) ignore it?
 30953 | Orc:2    | Found Adwax's Antique Weapon Boutique.
 30956 | Orc:2    | Found Foteeg's Antique Armour Boutique.
 31043 | Orc:2    | Found Neonorch's Book Boutique.
 31111 | Orc:2    | Bought a dazzling plate armour for 728 gold pieces
 31111 | Orc:2    | Identified the +0 plate armour of the Dice {rF+ Int+3} (You
                  | bought it in a shop on level 2 of the Orcish Mines)
 31318 | Orc:2    | Found a staircase to the Elven Halls.
 31517 | D:11     | magus.rc [v1.9.6]
 31557 | Elf:1    | Entered Level 1 of the Elven Halls
 31574 | Orc:2    | Paralysed by an air elemental for 1 turns
 31630 | Orc:2    | Paralysed by an air elemental for 1 turns
 31846 | Elf:1    | Reached skill level 13 in Invocations
 32292 | Elf:1    | Paralysed by an air elemental for 1 turns
 32791 | Elf:1    | You pick up a book of the Tundra and begin reading...
 32791 | Elf:1    | You add the spells Hailstorm and Ice Form to your library.
 32935 | Elf:1    | You pick up a book of Blood and begin reading...
 34913 | Elf:2    | Found a runed translucent gate.
 34913 | Elf:2    | Found a runed translucent gate.
 35033 | Elf:2    | Paralysed by an air elemental for 1 turns
 35043 | Elf:1    | Paralysed by an air elemental for 1 turns
 35467 | Elf:2    | Found a runed translucent gate.
 35505 | Elf:2    | Found Goplum's Gadget Gallery.
 35506 | Elf:2    | Identified the ring of Yhyxom {rC+ Str+6}
 35525 | Elf:2    | You add the spells Blink, Manifold Assault and Storm Form
                  | to your library.
 35547 | Elf:2    | Reached skill level 11 in Shields
 35547 | Elf:2    | Reached XP level 17. HP: 130/162 MP: 27/27
 35555 | Elf:2    | Paralysed by an air elemental for 1 turns
 35795 | Elf:2    | HP: 31/162 [deep elf archer/arrow (19)]
 36180 | Elf:2    | Reached skill level 10 in Armour
 36342 | Elf:2    | You pick up a book of Scorching and begin reading...
 36342 | Elf:2    | You add the spells Scorch, Flame Wave and Summon Cactus
                  | Giant to your library.
 36386 | Elf:2    | You pick up a book of Dreams and begin reading...
 36386 | Elf:2    | You add the spells Ensorcelled Hibernation, Spider Form and
                  | Anguish to your library.
 36439 | Elf:2    | You pick up a book of Flames and begin reading...
 36439 | Elf:2    | You add the spells Foxfire, Conjure Flame and Inner Flame
                  | to your library.
 36500 | Elf:3    | Entered Level 3 of the Elven Halls
 37476 | Elf:3    | Found Aciasm's Book Boutique.
 37476 | Elf:3    | Found Osiadas's Jewellery Shoppe.
 37477 | Elf:3    | Found Abuagu's Jewellery Shoppe.
 38142 | Elf:3    | Noticed a sphinx
 38143 | Elf:3    | a sphinx changed into a shadow dragon
 38143 | Elf:3    | Paralysed by an air elemental for 1 turns
 38146 | Elf:3    | Paralysed by an air elemental for 1 turns
 38148 | Elf:3    | Paralysed by an air elemental for 1 turns
 38159 | Elf:3    | Noticed a sphinx
 38159 | Elf:3    | a shadow dragon changed into a sphinx
 38163 | Elf:3    | Killed a sphinx
 38164 | Elf:3    | Reached skill level 13 in Fighting
 39112 | Elf:3    | Identified the +4 eveningstar of Makhleb's Pride {flame,
                  | rElec Dex-2 Stlth+}
 39112 | Elf:3    | Identified the ring "Irotusm" {Str+2 Int+3 SInv}
 39135 | Elf:3    | Identified the +6 short sword of Traps {flame, rElec rPois
                  | rF+ rC+}
 39138 | Elf:3    | Noticed a deep elf blademaster
 39148 | Elf:3    | Killed a deep elf blademaster
 39159 | Elf:3    | Noticed a Tzitzimitl
 39161 | Elf:3    | HP: 35/164 [???[a deep elf demonologist] (32)]
 39502 | Elf:3    | Noticed a Hell Sentinel
 39508 | Elf:3    | Reached skill level 14 in Invocations
 39723 | Elf:3    | a deep elf death mage comes into view. It is wielding the
                  | +7 sceptre of Torment {pain, torment} and wearing a +1 robe
                  | of cold resistance.
 39724 | Elf:3    | Aim: a deep elf death mage, wielding the +7 sceptre of
                  | Torment {pain, torment}, wearing a +1 robe of cold
                  | resistance and wearing a ring of fire (wandering, hasn't
                  | noticed you, 62% to hit)
 39724 | Elf:3    | Aim: a deep elf death mage, wielding the +7 sceptre of
                  | Torment {pain, torment}, wearing a +1 robe of cold
                  | resistance and wearing a ring of fire (wandering, hasn't
                  | noticed you, 62% to hit)
 40527 | Elf:3    | Noticed an Ice Fiend
 40540 | Elf:3    | HP: 40/163 [barbs]
 40985 | Elf:3    | Reached skill level 12 in Shields
 41065 | Elf:3    | Noticed a deep elf blademaster
 41070 | Elf:3    | Gained mutation: Your spells are a little easier to cast,
                  | but a little less powerful. [mutagenic glow]
 41076 | Elf:3    | Killed a deep elf blademaster
 41365 | Elf:3    | j - the +4 eveningstar of Makhleb's Pride {flame, rElec
                  | Dex-2 Stlth+, macerare=g}
 41368 | Elf:3    | You drop the +4 eveningstar of Makhleb's Pride {flame,
                  | rElec Dex-2 Stlth+, macerare=g}.
 41430 | Elf:3    | Noticed a deep elf master archer
 41445 | Elf:3    | HP: 33/164 [deep elf master archer/arrow (34)]
 42188 | Elf:3    | HP: 24/164 [deep elf master archer/arrow (24)]
 42190 | Elf:3    | Killed a deep elf master archer
 43370 | Elf:3    | You add the spells Shock, Swiftness and Fireball to your
                  | library.
 43370 | Elf:3    | Got Xaeqenaz's Compendium of Lightness and Ignition
 43375 | Elf:3    | You pick up a book of Alchemy and begin reading...
 43394 | Elf:3    | You pick up a book of Misfortune and begin reading...
 43394 | Elf:3    | You add the spells Confusing Touch, Yara's Violent
                  | Unravelling and Enfeeble to your library.
 43403 | Elf:3    | You pick up a book of the Dragon and begin reading...
 43403 | Elf:3    | You add the spells Cause Fear, Dragon Form and Dragon's
                  | Call to your library.
 43429 | Elf:3    | You add the spells Sandblast, Freeze and Pain to your
                  | library.
 43429 | Elf:3    | Got A Beginning Course on Casting
 43901 | Swamp:1  | Entered Level 1 of the Swamp
 44379 | Swamp:1  | Reached XP level 18. HP: 168/174 MP: 28/28
 45707 | Swamp:2  | Reached skill level 11 in Armour
 45918 | Swamp:2  | Got the Collected Works on Burning Curses
 46324 | Swamp:3  | Reached skill level 14 in Fighting
 46329 | Swamp:3  | Reached skill level 13 in Shields
 47829 | Swamp:4  | Entered Level 4 of the Swamp
 47999 | Swamp:3  | Upgraded the game from 0.29-a0-364-g921d912d32 to
                  | 0.29-a0-369-gd956c00756
 47999 | Swamp:3  | magus.rc [v1.9.6]
 48065 | Swamp:3  | Reached skill level 15 in Invocations
 48143 | Swamp:3  | You pick up a book of Transfigurations {forbidden@e2} and
                  | begin reading...
 48569 | Swamp:4  | You pick up a book of the Earth and begin reading...
 48569 | Swamp:4  | You add the spells Leda's Liquefaction, Lee's Rapid
                  | Deconstruction and Statue Form to your library.
 49507 | Swamp:3  | HP: 39/176 [18-headed hydra (7)]
 51035 | Swamp:4  | Found a blossoming altar of Fedhas.
 51048 | Swamp:4  | HP: 34/176 [spriggan druid/stone arrow (21)]
 51616 | Swamp:4  | Found a basalt altar of Yredelemnul.
 51985 | Swamp:4  | Got a decaying rune of Zot
 52895 | D:12     | Lost mutation: Your spells are a little easier to cast, but
                  | a little less powerful. [potion of mutation]
 52945 | Vaults:1 | Entered Level 1 of the Vaults
 52960 | Vaults:1 | Reached skill level 14 in Shields
 52960 | Vaults:1 | Reached XP level 19. HP: 181/183 MP: 30/30
 53210 | Vaults:1 | HP: 44/184 [lindwurm/blast of flame (13)]
 53229 | Vaults:1 | HP: 35/184 [lindwurm/blast of flame (10)]
 54237 | Vaults:1 | Reached skill level 12 in Armour
 54242 | Vaults:1 | Reached skill level 15 in Fighting
 54999 | D:13     | Reached skill level 16 in Invocations
 56293 | Vaults:1 | You fall into a shaft and drop 1 floor!
 56513 | Vaults:1 | Found Yhiub's Armour Shop.
 57111 | Vaults:2 | Reached skill level 15 in Shields
 57141 | Vaults:2 | HP: 39/186 [purple very ugly thing (22)]
 57146 | Vaults:2 | HP: 30/186 [purple very ugly thing (11)]
 57632 | Vaults:2 | Noticed a dread lich
 57641 | Vaults:2 | Noticed an Ice Fiend
 57646 | Vaults:2 | Killed a dread lich
 57792 | Vaults:2 | Reached XP level 20. HP: 171/195 MP: 32/32
 59724 | Vaults:2 | Acquired a manual of Invocations
 59913 | Vaults:3 | Reached skill level 17 in Invocations
 60067 | Vaults:3 | Found a staircase to the Crypt.
 60067 | Vaults:3 | Found an ancient bone altar of Kikubaaqudgha.
 60068 | Vaults:3 | Found a basalt altar of Yredelemnul.
 60103 | Vaults:3 | HP: 43/196 [deep troll[an ironbound preserver] (16)]
 60116 | Vaults:3 | HP: 18/196 [ironbound thunderhulk/bolt of lightning (13)]
 60669 | Vaults:3 | Reached skill level 18 in Invocations
 61180 | Vaults:3 | You pick up a book of Spatial Translocations and begin
                  | reading...
 61207 | Vaults:3 | Found a white marble altar of Elyvilon.
 61207 | Vaults:3 | Found a glowing golden altar of the Shining One.
 61220 | Vaults:3 | Found a glowing silver altar of Zin.
 61451 | Vaults:3 | Reached skill level 19 in Invocations
 62104 | Vaults:3 | Paralysed by a floating eye for 4 turns
 62120 | Vaults:3 | Reached skill level 20 in Invocations
 62664 | Vaults:3 | Reached skill level 21 in Invocations
 62713 | Vaults:3 | Reached XP level 21. HP: 189/204 MP: 35/35
 63091 | Vaults:3 | You pick up a book of Flames and begin reading...
 63670 | Vaults:4 | Reached skill level 22 in Invocations
 64045 | Vaults:4 | Reached skill level 16 in Fighting
 64050 | Vaults:4 | Reached skill level 7 in Dodging
 64108 | Vaults:4 | Identified the +10 whip "Sogisax" {vamp, Fly Str+5 Stlth-}
 64259 | Vaults:4 | Reached skill level 13 in Armour
 64444 | Vaults:4 | Found Neonorch's Antique Weapon Boutique.
 64447 | Vaults:4 | Bought a transparent war axe for 289 gold pieces
 64447 | Vaults:4 | Identified the +5 war axe of the Snake Pit {venom, rF+ rC+
                  | Int+3} (You bought it in a shop on level 4 of the Vaults)
 64680 | Vaults:4 | Reached skill level 16 in Shields
 65358 | Vaults:4 | Reached XP level 22. HP: 213/213 MP: 37/37
 66297 | Elf:2    | HP: 53/214 [poisoned by a +1 bardiche of venom]
 66318 | Elf:2    | HP: 51/214 [+5 vampiric trident (9)]
 66325 | Elf:2    | HP: 37/214 [+1 bardiche of venom (10)]
 66354 | Elf:2    | HP: 46/214 [deep elf pyromancer/bolt of fire (6)]
 66847 | Elf:2    | s - a +2 vampiric executioner's axe {forbiddenaxerare=g}
 67099 | Elf:2    | You drop a +2 vampiric executioner's axe
                  | {forbiddenaxerare=g}.
 67405 | Orc:2    | Bought 3 scrolls of enchant weapon for 315 gold pieces
 67526 | Elf:3    | O - the +4 eveningstar of Makhleb's Pride {flame, rElec
                  | Dex-2 Stlth+, macerare=g}
 67833 | Temple   | Entered the Ecumenical Temple
 68005 | Temple   | Fell from the grace of Zin
 68005 | Temple   | Became a worshipper of the Shining One
 68005 | Temple   | Reached * piety under the Shining One
 68005 | Temple   | Reached ** piety under the Shining One
 68196 | Depths:1 | Entered Level 1 of the Depths
 68196 | Depths:1 | Noticed Sojobo
 68691 | Depths:1 | Paralysed by an air elemental for 1 turns
 68698 | Depths:1 | Killed Sojobo
 68699 | Depths:1 | Reached skill level 14 in Armour
 68747 | Depths:1 | Reached skill level 8 in Dodging
 68852 | Depths:1 | Found an ancient bone altar of Kikubaaqudgha.
 69049 | Depths:1 | Reached *** piety under the Shining One
 69919 | Depths:1 | Found Oqirom's Assorted Antiques.
 69944 | Depths:1 | Reached XP level 23. HP: 94/223 MP: 7/38
 69949 | Depths:1 | HP: 46/223 [cyan very ugly thing (15)]
 70718 | Depths:1 | Found a one-way gate leading to the halls of Pandemonium.
 70758 | Depths:1 | Found a gateway to Hell.
 70803 | Depths:1 | Reached **** piety under the Shining One
 70825 | Depths:1 | Reached skill level 17 in Fighting
 70826 | Depths:1 | HP: 51/224 [iron troll (27)]
 71522 | Depths:2 | Found a radiant altar of Vehumet.
 72032 | Depths:2 | Found Erraerej's Antique Weapon Shop.
 72058 | Depths:2 | Found a one-way gate to the infinite horrors of the Abyss.
 72299 | Depths:2 | Reached skill level 9 in Dodging
 72704 | Depths:2 | You drop the +4 eveningstar of Makhleb's Pride {flame,
                  | rElec Dex-2 Stlth+, macerare=g}.
 72784 | Depths:2 | HP: 56/225 [frost giant/+0 battleaxe of freezing (2)]
 72792 | Depths:2 | HP: 33/225 [fire giant/+2 great sword of flaming (13)]
 74218 | Crypt:1  | Entered Level 1 of the Crypt
 74240 | Crypt:1  | Reached ***** piety under the Shining One
 74527 | Crypt:1  | Found a magical portal.
 74550 | WizLab   | Entered Tukima's Studio
 74604 | WizLab   | Identified the +7 triple crossbow "Beastbane" {speed, rF-
                  | Int+3 Stlth+}
 74629 | WizLab   | Noticed spaghetti's illusion
 74638 | WizLab   | Noticed spaghetti's illusion
 74713 | WizLab   | Identified the +3 fustibalus of Quantum Leap {speed, rPois
                  | Str+2}
 75213 | WizLab   | Noticed spaghetti's illusion
 75295 | WizLab   | Noticed spaghetti's illusion
 75317 | WizLab   | You pick up a book of Blood and begin reading...
 75319 | WizLab   | You add the spells Gell's Gravitas, Teleport Other and
                  | Dispersal to your library.
 75476 | WizLab   | You pick up a book of Ice and begin reading...
 75808 | Crypt:1  | Reached skill level 17 in Shields
 76210 | Crypt:1  | Found an ancient bone altar of Kikubaaqudgha.
 76225 | Crypt:1  | HP: 44/221 [skeletal warrior/+0 glaive (12)]
 76774 | Crypt:2  | Noticed a curse skull
 76793 | Crypt:2  | HP: 51/225 [??? (32)]
 77013 | Crypt:2  | Reached ****** piety under the Shining One
 77100 | Crypt:2  | Reached skill level 15 in Armour
 77407 | Crypt:2  | Identified a +8 broad axe of holy wrath {axe} (a +6 broad
                  | axe of flaming {axe} blessed by the Shining One)
 77407 | Crypt:2  | Received a gift from the Shining One
 77427 | Crypt:2  | Killed a curse skull
 77543 | Crypt:2  | Reached skill level 10 in Dodging
 77969 | Crypt:3  | Entered Level 3 of the Crypt
 78278 | Crypt:3  | Reached skill level 18 in Fighting
 78278 | Crypt:3  | Reached XP level 24. HP: 236/236 MP: 18/38
 78554 | Crypt:3  | Found a staircase to the Tomb.
 78642 | Crypt:3  | Noticed a curse toe
 78646 | Crypt:3  | Noticed a curse skull
 78659 | Crypt:3  | HP: 50/236 [??? (24)]
 78660 | Crypt:3  | Killed a curse skull
 78666 | Crypt:3  | HP: 28/236 [??? (13)]
 78678 | Crypt:3  | Killed a curse toe
 78726 | Crypt:3  | A - a +1 executioner's axe of draining {forbiddenaxerare=g}
 78880 | Crypt:3  | You drop a +1 executioner's axe of draining
                  | {forbiddenaxerare=g}.
 78884 | Crypt:3  | Could not pick up a +1 executioner's axe of draining
                  | {forbiddenaxerare=g} here; ([A]lways) ignore it?
 78884 | Crypt:3  | Could not pick up a +1 executioner's axe of draining
                  | {forbiddenaxerare=g} here; ([A]lways) ignore it?
 78884 | Crypt:3  | Could not pick up a +1 executioner's axe of draining
                  | {forbiddenaxerare=g} here; ([A]lways) ignore it?
 78884 | Crypt:3  | Could not pick up a +1 executioner's axe of draining
                  | {forbiddenaxerare=g} here; ([A]lways) ignore it?
 78884 | Crypt:3  | Could not pick up a +1 executioner's axe of draining
                  | {forbiddenaxerare=g} here; ([A]lways) ignore it?
 78884 | Crypt:3  | Could not pick up a +1 executioner's axe of draining
                  | {forbiddenaxerare=g} here; ([A]lways) ignore it?
 78955 | Crypt:3  | You pick up a book of Vapours and begin reading...
 79314 | Crypt:3  | Noticed a dread lich
 79314 | Crypt:3  | Noticed an ancient lich
 80009 | Hell     | Entered the Vestibule of Hell
 80012 | Hell     | Noticed Geryon
 80043 | Hell     | Killed Geryon
 80046 | Hell     | Noticed Murray
 80080 | Hell     | Killed Murray
 80092 | Hell     | Reached skill level 11 in Dodging
 80126 | Hell     | HP: 52/238 [???[a doom hound] (26)]
 80485 | Hell     | Found a gateway to the decaying netherworld of Tartarus.
 80546 | Hell     | Found a gateway to the freezing wastes of Cocytus.
 80711 | Depths:1 | magus.rc [v1.9.6]
 81265 | Depths:3 | Found a one-way gateway to a ziggurat.
 81659 | Depths:3 | HP: 58/238 [fire dragon/blast of flame (23)]
 81661 | Depths:3 | HP: 26/238 [ice dragon/blast of cold (8)]
 81668 | Depths:3 | HP: 30/238 [ice dragon/blast of cold (14)]
 82468 | Depths:3 | Reached skill level 15 in Axes
 83232 | Depths:4 | Entered Level 4 of the Depths
 83250 | Depths:4 | Reached XP level 25. HP: 247/247 MP: 22/38
 83257 | Depths:4 | You pick up a book of Iron and begin reading...
 83257 | Depths:4 | You add the spells Animate Armour and Iron Shot to your
                  | library.
 83485 | Depths:4 | Reached skill level 16 in Axes
 83486 | Depths:4 | HP: 40/247 [fire dragon/blast of flame (29)]
 83943 | Depths:4 | Noticed a caustic shrike
 83943 | Depths:4 | Noticed a caustic shrike
 83945 | Depths:4 | Noticed a caustic shrike
 83945 | Depths:4 | Noticed a caustic shrike
 83951 | Depths:4 | Killed a caustic shrike
 83956 | Depths:4 | Killed a caustic shrike
 83958 | Depths:4 | Killed a caustic shrike
 83963 | Depths:4 | Killed a caustic shrike
 84253 | Depths:4 | Reached skill level 17 in Axes
 84386 | Depths:4 | Found a shimmering altar of Xom.
 84516 | Depths:4 | You pick up a book of Flames and begin reading...
 84945 | Depths:4 | Found a gate to the Realm of Zot.
 85554 | Slime:1  | Entered Level 1 of the Pits of Slime
 86223 | Slime:2  | Gained mutation: You do not regenerate when monsters are
                  | visible. [a shining eye]
 86230 | Slime:1  | Gained mutation: Potions are less effective at restoring
                  | your health. [a shining eye]
 86249 | Slime:1  | Reached skill level 18 in Axes
 86520 | Slime:1  | Lost mutation: You do not regenerate when monsters are
                  | visible. [potion of mutation]
 86520 | Slime:1  | Lost mutation: Potions are less effective at restoring your
                  | health. [potion of mutation]
 86520 | Slime:1  | Gained mutation: Your spells are a little easier to cast,
                  | but a little less powerful. [potion of mutation]
 86520 | Slime:1  | Gained mutation: You are clumsy. (Dex -2) [potion of
                  | mutation]
 86520 | Slime:1  | Gained mutation: You passively dampen the noise of your
                  | surroundings. [potion of mutation]
 86520 | Slime:1  | Gained mutation: You are strong-willed. (Will+) [potion of
                  | mutation]
 87018 | Slime:4  | Reached skill level 12 in Dodging
 87115 | Slime:4  | Gained mutation: You occasionally shout uncontrollably at
                  | your foes. [a shining eye]
 87118 | Slime:4  | Gained mutation: You do not regenerate when monsters are
                  | visible. [a shining eye]
 87753 | Temple   | Fell from the grace of the Shining One
 87753 | Temple   | Became a worshipper of Zin the Law-Giver
 88425 | Snake:1  | Entered Level 1 of the Snake Pit
 88808 | Snake:1  | Noticed Aizul
 88816 | Snake:1  | Killed Aizul
 89337 | Snake:1  | Noticed Agnes
 89342 | Snake:1  | Killed Agnes
 89951 | Snake:2  | Reached skill level 13 in Dodging
 89995 | Snake:2  | Found a shimmering altar of Xom.
 90126 | Snake:2  | You pick up a book of the Dragon and begin reading...
 91178 | Snake:3  | Found an opulent altar of Gozag.
 91312 | Snake:3  | Found Mogur's Jewellery Shoppe.
 91737 | Snake:4  | Entered Level 4 of the Snake Pit
 91757 | Snake:4  | Reached XP level 26. HP: 221/255 MP: 28/38
 91772 | Snake:4  | Reached skill level 14 in Dodging
 92033 | Snake:4  | You pick up a book of Fire and begin reading...
 92496 | Snake:4  | Identified the +4 spear of Quick Death {freeze, +Blink}
 93635 | Snake:4  | Reached skill level 15 in Dodging
 94337 | Snake:4  | You pick up a book of Blood and begin reading...
 94393 | Snake:4  | Got a serpentine rune of Zot
 95011 | Vaults:5 | Entered Level 5 of the Vaults
 95586 | Vaults:4 | Reached skill level 16 in Dodging
 95687 | Vaults:5 | Identified the +5 tower shield of Discretion {rC- rN+
                  | Int+5}
 95687 | Vaults:5 | Noticed Mennas
 95812 | Vaults:5 | HP: 49/249 [vault warden/+0 battleaxe (23)]
 95815 | Vaults:5 | HP: 19/237 [Mennas/+1 eudemon blade of holy wrath (22)]
 97480 | Vaults:5 | You pick up a book of Conjurations {@e2} and begin
                  | reading...
 97480 | Vaults:5 | You add the spells Searing Ray and Fulminant Prism to your
                  | library.
 97485 | Vaults:5 | Identified the ring of Xom's Whimsicality {Fly Will+ Str+5
                  | Dex+6}
 97674 | Vaults:5 | a yaktaur comes into view. It is wearing the +5 robe of
                  | Night {Dark Will+ SInv}.
 97682 | Vaults:5 | Found the +8 demon trident "Rift" {distort, reach+}
 98135 | Vaults:5 | Reached skill level 17 in Dodging
 98365 | Vaults:5 | Identified the +12 triple sword "Kobawk" {protect, *Slow
                  | rElec Str+3}
 98421 | Vaults:4 | HP: 24/217 [shadow dragon/bolt of negative energy (44)]
 98860 | Vaults:4 | Killed Mennas
 98996 | Vaults:5 | K - the +12 triple sword "Kobawk" {protect, *Slow rElec
                  | Str+3, longrare=g}
 99227 | Vaults:5 | Noticed an ancient lich
 99242 | Vaults:5 | Killed an ancient lich
 99267 | Vaults:5 | Identified the ring "Behuec" {rF+ rN+ Will+ Slay+4 Stlth+}
 99451 | Vaults:5 | You drop the +12 triple sword "Kobawk" {protect, *Slow
                  | rElec Str+3, longrare=g}.
 99506 | Vaults:5 | Reached XP level 27. HP: 165/256 MP: 34/38
 99576 | Vaults:5 | Reached skill level 18 in Dodging
 99578 | Vaults:5 | Got the Incunabulum of Glacial Beguiling
100285 | Vaults:5 | Identified +0 gold dragon scales
100293 | Vaults:5 | +0 gold dragon scales {rare}; a golden dragon corpse
100369 | Vaults:5 | Found the ring of the Octopus King {rF+ AC+1 EV+1 Str+1
                  | Int+1 Dex+1}
100369 | Vaults:5 | a vault warden comes into view. It is wielding a +1 vorpal
                  | scythe and wearing a ring of the Octopus King {rF+ AC+1
                  | EV+1 Str+1 Int+1 Dex+1}.
100419 | Vaults:5 | You pick up a book of the Warp and begin reading...
100424 | Vaults:5 | Got Sif Muna's Disquisition on Hurtful Beguiling
100428 | Vaults:5 | Got a silver rune of Zot
100610 | Vaults:5 | Identified the +4 chain mail of the Worm {Regen+ rCorr
                  | Int+4 SInv}
100664 | Vaults:5 | Found Orilaus's Magic Scroll Shop.
100689 | Vaults:5 | +0 storm dragon scales {rare}; a storm dragon corpse
100709 | Vaults:5 | Bought a scroll of blinking for 120 gold pieces
100709 | Vaults:5 | Bought a scroll of blinking for 120 gold pieces
100709 | Vaults:5 | Bought a scroll of teleportation for 48 gold pieces
100709 | Vaults:5 | Bought a scroll of fear for 56 gold pieces
100891 | Vaults:5 | +0 storm dragon scales {rare}; a storm dragon corpse
100985 | Vaults:5 | a +0 war axe of freezing {axe}; the +8 orange crystal plate
                  | armour {Archmagi, Int+3 Clar, rare=g}; a +0 hunting sling
                  | {sling}
100990 | Vaults:5 | R - the +8 orange crystal plate armour {Archmagi, Int+3
                  | Clar, rare=g}
101001 | Vaults:5 | You finish putting on the +8 orange crystal plate armour
                  | {Archmagi, Int+3 Clar, rare=g}.
101043 | Vaults:5 | T - the +12 triple sword "Kobawk" {protect, *Slow rElec
                  | Str+3, longrare=g}
101044 | Vaults:5 | You drop the +12 triple sword "Kobawk" {protect, *Slow
                  | rElec Str+3, longrare=g}.
101436 | Zot:1    | Entered Level 1 of the Realm of Zot
101755 | Zot:1    | Identified +0 gold dragon scales
101758 | Zot:1    | +0 gold dragon scales {rare}; a golden dragon corpse
102432 | Zot:1    | You pick up a book of Rime and begin reading...
102574 | Zot:1    | HP: 37/264 [purple draconian shifter/bolt of dispelling
                  | energy (31)]
103041 | Zot:1    | Reached skill level 19 in Fighting
103512 | Snake:1  | Lost mutation: You are strong-willed. (Will+) [potion of
                  | mutation]
103512 | Snake:1  | Lost mutation: Your spells are a little easier to cast, but
                  | a little less powerful. [potion of mutation]
103512 | Snake:1  | Lost mutation: You do not regenerate when monsters are
                  | visible. [potion of mutation]
103513 | Snake:1  | Lost mutation: You are clumsy. (Dex -2) [potion of
                  | mutation]
103513 | Snake:1  | Lost mutation: You passively dampen the noise of your
                  | surroundings. [potion of mutation]
103513 | Snake:1  | Lost mutation: You occasionally shout uncontrollably at
                  | your foes. [potion of mutation]
103513 | Snake:1  | Gained mutation: You have hidden genetic defects. [potion
                  | of mutation]
104316 | Zot:2    | +0 storm dragon scales {rare}; a storm dragon corpse
104453 | Zot:2    | HP: 61/267 [purple draconian shifter/bolt of dispelling
                  | energy[a red draconian scorcher] (22)]
104846 | Zot:2    | Noticed an electric golem
104866 | Zot:2    | Killed an electric golem
105155 | Zot:2    | Aim: a black draconian, wielding a +0 glaive (almost dead,
                  | catching its breath, about 17% to evade the +17 lance
                  | "Wyrmbane")
105155 | Zot:2    | Aim: a black draconian, wielding a +0 glaive (almost dead,
                  | catching its breath, about 17% to evade the +17 lance
                  | "Wyrmbane")
105401 | Zot:2    | Noticed Rir Ukk's ghost (legendary HOMo)
105403 | Zot:2    | Found a transporter.
105404 | Zot:2    | Noticed an electric golem
105432 | Zot:2    | Reached skill level 20 in Fighting
105719 | Zot:2    | Found a transporter.
106073 | Zot:3    | Noticed a curse toe
106080 | Zot:3    | Killed a curse toe
106539 | Zot:3    | Identified +0 gold dragon scales
106541 | Zot:3    | +0 gold dragon scales {rare}; a golden dragon corpse
106844 | Zot:3    | Reached skill level 21 in Fighting
107504 | Zot:4    | Noticed a curse toe
107682 | Zot:3    | Killed a curse toe
107687 | Zot:3    | Aim: a green draconian, wielding a +0 trident (poison gas,
                  | catching its breath, about 17% to evade the +18 lance
                  | "Wyrmbane")
107687 | Zot:3    | Aim: a green draconian, wielding a +0 trident (poison gas,
                  | catching its breath, about 17% to evade the +18 lance
                  | "Wyrmbane")
107688 | Zot:3    | Aim: a green draconian, wielding a +0 trident (poison gas,
                  | moderately wounded, catching its breath, about 17% to evade
                  | the +18 lance "Wyrmbane")
107688 | Zot:3    | Aim: a green draconian, wielding a +0 trident (poison gas,
                  | moderately wounded, catching its breath, about 17% to evade
                  | the +18 lance "Wyrmbane")
107689 | Zot:3    | Aim: a green draconian, wielding a +0 trident (poison gas,
                  | moderately wounded, catching its breath, about 17% to evade
                  | the +18 lance "Wyrmbane")
107689 | Zot:3    | Aim: a green draconian, wielding a +0 trident (poison gas,
                  | moderately wounded, catching its breath, about 17% to evade
                  | the +18 lance "Wyrmbane")
107690 | Zot:3    | Aim: a green draconian, wielding a +0 trident (heavily
                  | wounded, catching its breath, about 17% to evade the +18
                  | lance "Wyrmbane")
107690 | Zot:3    | Aim: a green draconian, wielding a +0 trident (heavily
                  | wounded, catching its breath, about 17% to evade the +18
                  | lance "Wyrmbane")
107691 | Zot:3    | Aim: a green draconian, wielding a +0 trident (almost dead,
                  | catching its breath, about 17% to evade the +18 lance
                  | "Wyrmbane")
107691 | Zot:3    | Aim: a green draconian, wielding a +0 trident (almost dead,
                  | catching its breath, about 17% to evade the +18 lance
                  | "Wyrmbane")
107766 | Zot:4    | Noticed an orb of fire
108246 | Zot:3    | Killed an orb of fire
108247 | Zot:3    | Reached skill level 22 in Fighting
108247 | Zot:3    | Gained mutation: Your body sometimes deteriorates upon
                  | taking damage. [mutagenic glow]
108284 | Zot:3    | Gained mutation: Your body often deteriorates upon taking
                  | damage. [mutagenic glow]
109048 | Zot:4    | HP: 66/279 [black draconian/+0 trident[a red draconian
                  | scorcher] (9)]
109059 | Zot:4    | HP: 45/279 [yellow draconian annihilator/glob of acid (9)]
109060 | Zot:4    | Aim: a purple draconian, wielding a +0 halberd (about 17%
                  | to evade the +18 lance "Wyrmbane")
109060 | Zot:4    | Aim: a purple draconian, wielding a +0 halberd (about 17%
                  | to evade the +18 lance "Wyrmbane")
109061 | Zot:4    | Aim: a purple draconian, wielding a +0 halberd (lightly
                  | wounded, about 17% to evade the +18 lance "Wyrmbane")
109061 | Zot:4    | Aim: a purple draconian, wielding a +0 halberd (lightly
                  | wounded, about 17% to evade the +18 lance "Wyrmbane")
109062 | Zot:4    | Aim: a purple draconian, wielding a +0 halberd (heavily
                  | wounded, about 17% to evade the +18 lance "Wyrmbane")
109062 | Zot:4    | Aim: a purple draconian, wielding a +0 halberd (heavily
                  | wounded, about 17% to evade the +18 lance "Wyrmbane")
109062 | Zot:4    | HP: 17/279 [purple draconian/bolt of dispelling energy[a
                  | yellow draconian annihilator] (29)]
109063 | Zot:4    | Aim: a purple draconian, wielding a +0 halberd (almost
                  | dead, about 17% to evade the +18 lance "Wyrmbane")
109063 | Zot:4    | Aim: a purple draconian, wielding a +0 halberd (almost
                  | dead, about 17% to evade the +18 lance "Wyrmbane")
109940 | Zot:4    | Reached skill level 23 in Fighting
110123 | Zot:4    | You pick up a book of the Senses and begin reading...
110261 | Zot:5    | Entered Level 5 of the Realm of Zot
110469 | Zot:4    | Reached skill level 16 in Armour
111428 | Zot:5    | Noticed an electric golem
111451 | Zot:5    | Killed an electric golem
111652 | Zot:5    | Reached skill level 17 in Armour
111672 | Zot:5    | Noticed an orb of fire
111673 | Zot:5    | Gained mutation: You sometimes lose the ability to read
                  | scrolls when taking damage. [an orb of fire]
111692 | Zot:5    | Noticed an orb of fire
111693 | Zot:5    | Gained mutation: You are clumsy. (Dex -2) [an orb of fire]
112080 | Zot:5    | Killed an orb of fire
112084 | Zot:5    | Gained mutation: You are dopey. (Int -2) [an orb of fire]
112093 | Zot:5    | Killed an orb of fire
112982 | Zot:5    | Noticed an orb of fire
112982 | Zot:5    | Noticed a dread lich
112982 | Zot:5    | Noticed an orb of fire
112993 | Zot:5    | Gained mutation: You tend to lose your temper in combat.
                  | [an orb of fire]
112996 | Zot:5    | Noticed a juggernaut
112996 | Zot:5    | a Killer Klown changed into a juggernaut
113000 | Zot:5    | Killed a dread lich
113001 | Zot:5    | Reached skill level 18 in Armour
113368 | Zot:3    | Lost mutation: You are clumsy. (Dex -2) [potion of
                  | mutation]
113368 | Zot:3    | Lost mutation: You tend to lose your temper in combat.
                  | [potion of mutation]
113679 | Zot:5    | HP: 60/282 [orb of fire/bolt of fire (25)]
113682 | Zot:5    | Gained mutation: Potions are less effective at restoring
                  | your health. [an orb of fire]
113684 | Zot:5    | HP: 52/282 [orb of fire/fireball (10)]
113686 | Zot:5    | HP: 24/282 [orb of fire/fireball (24)]
113691 | Zot:5    | HP: 38/282 [orb of fire/bolt of fire (6)]
113715 | Zot:5    | HP: 44/282 [orb of fire/bolt of fire (13)]
114275 | Zot:5    | Killed an orb of fire
114445 | Zot:5    | Killed a juggernaut
114486 | Zot:5    | Noticed an electric golem
114493 | Zot:5    | Gained mutation: You occasionally shout uncontrollably at
                  | your foes. [an orb of fire]
114508 | Zot:5    | Killed an orb of fire
114515 | Zot:5    | Killed an electric golem
114521 | Zot:5    | HP: 55/282 [Orb Guardian (20)]
114523 | Zot:5    | HP: 26/282 [Orb Guardian (17)]
114524 | Zot:5    | HP: 7/282 [Orb Guardian (18)]
114526 | Zot:5    | Killed from afar by a black draconian

Vanquished Creatures
  2 dread liches
  An ancient lich (Vaults:5)
  5 orbs of fire
  Mennas (Vaults:4)
  A juggernaut (Zot:5)
  Sojobo (Depths:1)
  5 Killer Klowns (Zot:5)
  4 caustic shrikes (Depths:4)
  Saint Roka (Orc:2)
  3 curse toes
  Geryon (Hell)
  7 golden dragons
  4 bone dragons
  2 Tzitzimimeh (Hell)
  3 electric golems
  4 doom hounds (Hell)
  18 tentacled monstrosities
  Jorgrun (D:13)
  A walking crystal tome (WizLab)
  14 Orb Guardians (Zot:5)
  A walking earthen tome (Depths:3)
  3 deep elf blademasters
  2 titans
  A walking frostbound tome (WizLab)
  4 death cobs
  A deep elf master archer (Elf:3)
  Murray (Hell)
  3 liches
  7 quicksilver dragons
  9 acid blobs
  Kirke (Lair:4)
  A sphinx (shapeshifter) (Elf:3)
  7 shadow dragons
  9 ancient champions
  2 thorn hunters (Swamp:4)
  Agnes (Snake:1)
  5 sphinxes
  6 draconian monks
  10 tengu reavers
  5 rockslimes
  6 fire giants
  15 storm dragons
  2 strange machines (WizLab)
  4 revenants
  4 draconian knights
  7 nagarajas
  A fenstrider witch (Swamp:4)
  12 draconian scorchers
  Aizul (Snake:1)
  4 ghost moths
  20 vault wardens
  8 deep elf sorcerers
  2 azure jellies
  2 orc warlords
  6 frost giants
  7 draconian annihilators
  8 draconian shifters
  5 draconian stormcallers
  2 angels (Vaults:3)
  3 quicksilver oozes (Slime:4)
  26 very ugly things
  9 deep elf elementalists (Elf:3)
  2 curse skulls
  20 ironbound preservers
  2 reapers (Hell)
  A hydra skeleton (Swamp:4)
  3 war gargoyles
  10 ghouls
  2 vampire knights
  20 stone giants
  8 ironbound thunderhulks
  18 green draconians
  5 eleionomae
  8 deep elf demonologists (Elf:3)
  10 purple draconians
  18 black draconians
  10 yellow draconians
  4 putrid mouths (Hell)
  10 white draconians
  12 red draconians
  5 deep elf annihilators
  10 dire elephants
  3 spark wasps
  2 bunyips
  A minotaur (D:14)
  9 deep elf death magi
  2 ettins (shapeshifter)
  2 eidola
  11 jiangshi
  11 ettins
  Josephine (D:15)
  5 deep elf high priests
  A merfolk javelineer (Depths:1)
  9 fire dragons
  4 shambling mangroves
  4 great orbs of eyes
  12 rakshasas
  5 boulder beetles
  A salamander tyrant (Snake:2)
  13 yaktaur captains
  2 hell beasts
  19 hydras
  A peacekeeper (Vaults:4)
  40 vault guards
  3 death knights
  3 ogre magi
  11 ice dragons
  9 ironbound frosthearts
  2 ghost crabs (Swamp:3)
  5 spriggan air magi
  A catoblepas (Lair:6)
  21 naga warriors
  15 centaur warriors
  A two-headed ogre (shapeshifter) (Vaults:1)
  4 two-headed ogres
  6 alligators
  14 deep troll shamans
  11 death yaks
  7 tengu warriors
  6 anacondas
  A hell hog (Depths:4)
  3 spriggan berserkers
  33 dancing weapons
  5 vampire magi
  6 deep troll earth magi
  2 orc high priests
  15 naga sharpshooters
  Urug (Orc:2)
  6 soul eaters
  12 shock serpents
  8 deep elf knights
  3 sun demons (Hell)
  Sonja (Lair:4)
  An emperor scorpion zombie (Crypt:2)
  13 hell knights
  A storm dragon zombie (Crypt:1)
  4 shadow wraiths
  6 goliath frogs
  3 anaconda zombies (Hell)
  4 salamander mystics (Snake:4)
  22 skeletal warriors
  A sea snake (Snake:4)
  7 spriggan druids
  7 iron trolls
  6 bog bodies
  60 deep trolls
  6 naga ritualists
  2 spectral hydras (Swamp:4)
  An orange crystal statue (Vaults:4)
  7 swamp dragons
  An orb spider (shapeshifter) (Vaults:5)
  4 anaconda skeletons (Hell)
  7 glowing orange brains
  8 wizards
  A swamp dragon (shapeshifter) (Vaults:5)
  8 flayed ghosts
  27 deep elf zephyrmancers
  8 phantasmal warriors
  An iron giant skeleton (Crypt:3)
  8 deep elf archers
  7 harpies
  4 necromancers
  3 orc sorcerers
  Pikel (D:8)
  7 orc knights
  20 ironbound convokers
  15 lindwurms
  6 mana vipers
  A wolf spider (D:14)
  20 deep elf pyromancers
  35 ugly things
  4 manticores
  4 oklob plants
  A cyclops (D:15)
  A salamander (shapeshifter) (Vaults:5)
  7 will-o-the-wisps
  32 moths of wrath
  8 salamanders
  An iron dragon skeleton (Hell)
  2 rust devils (Hell)
  A fire giant skeleton (Crypt:2)
  2 shining eyes
  22 elephants
  A black mamba (shapeshifter) (Vaults:5)
  Joseph (D:9)
  2 guardian serpents
  A guardian serpent (shapeshifter) (Elf:1)
  17 vault sentinels
  15 naga magi
  39 black mambas
  An alligator snapping turtle zombie (Crypt:2)
  5 molten gargoyles
  8 smoke demons
  13 cane toads
  2 kobold demonologists
  An unseen horror (D:10)
  A sea snake zombie (Hell)
  A centaur skeleton (Crypt:3)
  8 komodo dragons
  A yaktaur (shapeshifter) (D:11)
  42 yaktaurs
  A swamp worm zombie (Crypt:2)
  3 tormentors (Hell)
  3 rime drakes
  4 ice devils (Hell)
  3 tengu conjurers
  3 freezing wraiths
  A harpy zombie (Crypt:3)
  A sea snake skeleton (Hell)
  5 hydra zombies (Swamp:4)
  A guardian mummy (Crypt:1)
  A purple draconian skeleton (Crypt:1)
  4 death drake zombies (Swamp:4)
  A red devil (Hell)
  8 trolls
  A hornet (shapeshifter) (Depths:3)
  7 hornets
  3 harpy skeletons (Hell)
  8 tyrant leeches
  A slime creature (shapeshifter) (Vaults:3)
  A polar bear (Lair:6)
  2 death drake skeletons
  6 dream sheep (Lair:5)
  11 blink frogs
  81 slime creatures
  6 air elementals
  A stone giant simulacrum (Vaults:5)
  5 flying skulls (Crypt:3)
  14 water elementals
  A jumping spider (shapeshifter) (D:14)
  2 shadows
  62 yaks
  13 wraiths
  5 wyverns
  An elf simulacrum (Vaults:5)
  A fire elemental (Elf:3)
  3 spriggans (Swamp:1)
  A vampire (D:10)
  6 basilisks
  3 hogs (Lair:4)
  A golden eye (shapeshifter) (D:13)
  A sea snake simulacrum (Hell)
  3 steam dragons
  7 golden eyes (Slime:1)
  A black mamba skeleton (Crypt:2)
  7 vampire mosquitoes
  5 wargs
  2 acid dragons
  18 swamp worms
  43 nagas
  15 water moccasins
  4 hydra simulacra (Swamp:4)
  A deep troll skeleton (Crypt:2)
  2 swamp drakes (Swamp:4)
  A floating eye (Depths:3)
  2 black bears (Lair:6)
  23 orc warriors
  An ice beast (D:5)
  A snapping turtle zombie (Crypt:1)
  26 wolves
  A swamp dragon zombie (Swamp:4)
  9 boggarts
  9 ogres
  A dream sheep skeleton (Crypt:1)
  A snapping turtle skeleton (Crypt:1)
  A swamp dragon skeleton (Crypt:3)
  20 centaurs
  A phantom (D:5)
  6 kobold brigands
  11 bullfrogs
  2 gnoll sergeants
  An earth elemental (Elf:3)
  4 scorpions
  Blork the orc (D:6)
  9 necrophages
  4 wights (D:9)
  A draconian skeleton (Crypt:1)
  A warg zombie (Crypt:3)
  A spriggan zombie (Crypt:1)
  A killer bee (D:10)
  2 howler monkeys
  3 electric eels
  A lava snake (D:14)
  Crazy Yiuf (D:5)
  7 hounds
  5 human zombies (Crypt:1)
  16 jellies
  A bullfrog skeleton (Crypt:3)
  A gnoll shaman (D:8)
  19 orc priests
  A basilisk skeleton (Crypt:1)
  3 human skeletons
  2 iguanas
  18 orc wizards
  An acid dragon zombie (Crypt:2)
  A deep dwarf skeleton (Crypt:2)
  3 mummies (Crypt:1)
  17 gnolls
  7 adders
  A steam dragon skeleton (Crypt:3)
  2 white imps
  2 ufetubi (D:5)
  A worm (D:2)
  60 orcs
  3 bats (D:1)
  9 endoplasms
  A giant cockroach (D:4)
  12 goblins
  8 hobgoblins
  19 kobolds
  7 ball pythons
  A ball python skeleton (Crypt:2)
  A ball python zombie (Crypt:2)
  3 frilled lizards
  A hobgoblin zombie (Crypt:1)
  11 rats
  A bush (Lair:3)
2235 creatures vanquished.

Vanquished Creatures (collateral kills)
  A Tzitzimitl (Hell)
  A doom hound (Hell)
  A sphinx (Vaults:1)
  A quicksilver dragon (Vaults:5)
  The ghost of Ineisoh the Eclecticist, a journeyman DjFE of Gozag (D:14)
  A very ugly thing (Vaults:2)
  An ironbound thunderhulk (Vaults:2)
  2 vampire knights
  An ettin (Vaults:1)
  A quicksilver dragon zombie (Hell)
  A yaktaur captain (Vaults:2)
  A hydra (Swamp:3)
  A dancing weapon (WizLab)
  A skeletal warrior (Crypt:3)
  2 lindwurms (Vaults:1)
  An ironbound convoker (Vaults:2)
  A molten gargoyle (Hell)
  A smoke demon (Hell)
  A freezing wraith (D:14)
  5 yaktaurs
  3 ice devils (Hell)
  A centaur simulacrum (D:14)
  2 boggarts (Vaults:1)
32 creatures vanquished.

Vanquished Creatures (others)
  A draconian monk (Zot:1)
  A draconian shifter (Zot:1)
  A deep elf annihilator (Elf:3)
  A deep elf knight (Elf:3)
  A hell knight (Depths:3)
  A bog body (Swamp:2)
  A deep elf pyromancer (Elf:3)
  3 bloated husks
  A human (Lair:4)
  A naga (Snake:4)
  2 orcs
  34 foxfires
  19 fungi
  70 plants
  5 toadstools (D:1)
  22 withered plants (Swamp:3)
164 creatures vanquished.

Grand Total: 2431 creatures vanquished

Table legend:
 A = Non-vault XP
 B = Vault XP
 C = Vault XP percentage of total XP
 D = Non-vault monster count
 E = Vault monster count
 F = Vault count percentage of total count
                 A         B        C        D         E       F
            +---------+---------+-------+---------+---------+-------
      Total |  858672 |  615648 |  41.8 |    1474 |     799 |  35.2
            +---------+---------+-------+---------+---------+-------
        D:1 |      26 |      10 |  27.8 |      18 |       7 |  28.0
        D:2 |     121 |       0 |   0.0 |      16 |       0 |   0.0
        D:3 |     155 |      44 |  22.1 |      23 |       5 |  17.9
        D:4 |     223 |      25 |  10.1 |      21 |       6 |  22.2
        D:5 |     746 |     540 |  42.0 |      22 |       5 |  18.5
        D:6 |    1441 |      85 |   5.6 |      28 |       1 |   3.4
        D:7 |     292 |       0 |   0.0 |      12 |       0 |   0.0
        D:8 |     997 |     607 |  37.8 |      25 |       1 |   3.8
        D:9 |    2301 |    1295 |  36.0 |      20 |       9 |  31.0
       D:10 |    1728 |    3956 |  69.6 |      12 |      17 |  58.6
       D:11 |    5516 |       0 |   0.0 |      15 |       0 |   0.0
       D:12 |    3826 |       0 |   0.0 |      13 |       0 |   0.0
       D:13 |    3336 |   12366 |  78.8 |      17 |      13 |  43.3
       D:14 |    7564 |    7822 |  50.8 |      20 |      13 |  39.4
       D:15 |    5804 |    5645 |  49.3 |      10 |      10 |  50.0
     Lair:1 |    4086 |    1094 |  21.1 |      18 |       6 |  25.0
     Lair:2 |    5250 |     751 |  12.5 |      22 |       4 |  15.4
     Lair:3 |    5431 |     542 |   9.1 |      25 |       1 |   3.8
     Lair:4 |    6229 |    5829 |  48.3 |      15 |      18 |  54.5
     Lair:5 |    9651 |    5951 |  38.1 |      21 |      31 |  59.6
     Lair:6 |   11358 |   12784 |  53.0 |      31 |      35 |  53.0
    Swamp:1 |   10757 |       0 |   0.0 |      20 |       0 |   0.0
    Swamp:2 |    8708 |       0 |   0.0 |      16 |       0 |   0.0
    Swamp:3 |   11441 |    7911 |  40.9 |      23 |      12 |  34.3
    Swamp:4 |   13491 |   24401 |  64.4 |      26 |      41 |  61.2
    Snake:1 |    4922 |    2691 |  35.3 |      11 |       2 |  15.4
    Snake:2 |   13903 |   10744 |  43.6 |      27 |      20 |  42.6
    Snake:3 |   15070 |       0 |   0.0 |      24 |       0 |   0.0
    Snake:4 |   24280 |   28774 |  54.2 |      49 |      43 |  46.7
    Slime:1 |   11816 |       0 |   0.0 |      27 |       0 |   0.0
    Slime:2 |   12587 |       0 |   0.0 |      18 |       0 |   0.0
    Slime:3 |     751 |       0 |   0.0 |       1 |       0 |   0.0
    Slime:4 |   13384 |       0 |   0.0 |      21 |       0 |   0.0
      Orc:1 |    1142 |       0 |   0.0 |       9 |       0 |   0.0
      Orc:2 |    4669 |   12689 |  73.1 |      27 |      41 |  60.3
      Elf:1 |   10941 |    8606 |  44.0 |      18 |      12 |  40.0
      Elf:2 |    9713 |   21816 |  69.2 |      17 |      29 |  63.0
      Elf:3 |   12707 |   38407 |  75.1 |      21 |      35 |  62.5
   Vaults:1 |   29217 |   22366 |  43.4 |      38 |      32 |  45.7
   Vaults:2 |   40895 |   30208 |  42.5 |      63 |      41 |  39.4
   Vaults:3 |   24020 |   29534 |  55.1 |      39 |      37 |  48.7
   Vaults:4 |   26863 |   54369 |  66.9 |      44 |      63 |  58.9
   Vaults:5 |   25567 |   69424 |  73.1 |      33 |      59 |  64.1
    Crypt:1 |    8763 |    8987 |  50.6 |      28 |       9 |  24.3
    Crypt:2 |   29817 |       0 |   0.0 |      43 |       0 |   0.0
    Crypt:3 |   27189 |    9497 |  25.9 |      42 |       7 |  14.3
   Depths:1 |   53934 |    4913 |   8.3 |      74 |       2 |   2.6
   Depths:2 |   14289 |   15293 |  51.7 |      17 |      14 |  45.2
   Depths:3 |   27288 |   13849 |  33.7 |      34 |      16 |  32.0
   Depths:4 |   40655 |   16750 |  29.2 |      34 |      16 |  32.0
       Hell |   31233 |   27469 |  46.8 |      32 |      34 |  51.5
      Zot:1 |   45367 |       0 |   0.0 |      37 |       0 |   0.0
      Zot:2 |   33518 |    5102 |  13.2 |      34 |       4 |  10.5
      Zot:3 |   86617 |       0 |   0.0 |      72 |       0 |   0.0
      Zot:4 |   30611 |       0 |   0.0 |      29 |       0 |   0.0
      Zot:5 |   26466 |   72760 |  73.3 |      22 |      27 |  55.1
     WizLab |       0 |   19742 | 100.0 |       0 |      21 | 100.0
            +---------+---------+-------+---------+---------+-------

Illustrated notes

Table legend:
 A = Kills in this place as a percentage of kills in entire the game.
 B = Kills by you in this place as a percentage of kills by you in the entire game.
 C = Kills by friends in this place as a percentage of kills by friends in the entire game.
 D = Other kills in this place as a percentage of other kills in the entire game.
 E = Experience gained in this place as a percentage of experience gained in the entire game.
 F = Experience gained in this place divided by the number of levels of this place that you have seen.
                   A       B       C       D       E      F
               +-------+-------+-------+-------+-------+----------------------
         Total | 100.0 | 100.0 | 100.0 | 100.0 | 100.0 | 25419.3
       Dungeon |  15.8 |  15.9 |   9.4 |  16.7 |   4.5 | 4431.4
          Lair |  10.0 |  10.1 |   0.0 |  11.1 |   4.7 | 11492.7
         Swamp |   6.1 |   6.0 |   6.2 |  16.7 |   5.2 | 19177.2
     Snake Pit |   7.7 |   7.9 |   0.0 |   0.0 |   6.8 | 25096.0
    Slime Pits |   2.9 |   3.0 |   0.0 |   0.0 |   2.6 | 9634.5
  Orcish Mines |   3.4 |   3.5 |   0.0 |   0.0 |   1.3 | 9250.0
   Elven Halls |   5.8 |   5.8 |   0.0 |  22.2 |   6.9 | 34063.3
        Vaults |  19.8 |  19.3 |  50.0 |  16.7 |  23.9 | 70492.6
         Crypt |   5.7 |   5.7 |   6.2 |   0.0 |   5.7 | 28084.3
        Depths |   9.1 |   9.3 |   0.0 |   5.6 |  12.7 | 46742.8
          Hell |   2.9 |   2.6 |  25.0 |   0.0 |   4.0 | 58702.0
           Zot |   9.9 |  10.0 |   0.0 |  11.1 |  20.4 | 60088.2
        Wizlab |   0.9 |   0.9 |   3.1 |   0.0 |   1.3 | 19742.0
               +-------+-------+-------+-------+-------+----------------------

Table legend: (Time is in decaauts)
 A = Elapsed time spent in this place.
 B = Non-inter-level travel time spent in this place.
 C = Inter-level travel time spent in this place.
 D = Time resting spent in this place.
 E = Time spent auto-exploring this place.
 F = Levels seen in this place.
 G = Mean time per level.
                   A        B        C        D        E       F      G
               +--------+--------+--------+--------+--------+-----+--------+
         Total | 132367 | 115938 |  16429 |  44121 |  55265 |  58 | 2282.2 |
       Dungeon |  30120 |  25123 |   4997 |   8292 |  13685 |  15 | 2008.0 |
        Temple |    475 |    240 |    235 |      0 |    231 |   1 |  475.0 |
          Lair |  12991 |  11079 |   1912 |   2064 |   7542 |   6 | 2165.2 |
         Swamp |   9075 |   8076 |    999 |   3630 |   3386 |   4 | 2268.8 |
     Snake Pit |   7634 |   7028 |    606 |   1104 |   4889 |   4 | 1908.5 |
    Slime Pits |   1916 |   1758 |    158 |    876 |    630 |   4 |  479.0 |
  Orcish Mines |   3101 |   2683 |    418 |    938 |   1273 |   2 | 1550.5 |
   Elven Halls |  14951 |  13135 |   1816 |   7668 |   3743 |   3 | 4983.7 |
        Vaults |  20071 |  18334 |   1737 |   8580 |   6796 |   5 | 4014.2 |
         Crypt |   5196 |   4770 |    426 |   1420 |   2519 |   3 | 1732.0 |
        Depths |  12422 |  10368 |   2054 |   3774 |   5225 |   4 | 3105.5 |
          Hell |    336 |    304 |     32 |      0 |    113 |   1 |  336.0 |
           Zot |  13038 |  12005 |   1033 |   5346 |   4981 |   5 | 2607.6 |
        Wizlab |   1035 |   1035 |      0 |    426 |    245 |   1 | 1035.0 |
               +--------+--------+--------+--------+--------+-----+--------+

Top non-repeatable levels by time:
   Elf:3: 6520 daAuts
Vaults:4: 5692 daAuts
   Elf:1: 4785 daAuts
Depths:1: 4544 daAuts
Vaults:3: 4036 daAuts
Vaults:1: 3938 daAuts
 Swamp:3: 3656 daAuts
   Elf:2: 3645 daAuts
   Zot:3: 3621 daAuts
    D:14: 3467 daAuts
Vaults:5: 3379 daAuts
Depths:3: 3266 daAuts
    D:13: 3102 daAuts
Vaults:2: 3024 daAuts
   Zot:4: 2769 daAuts
